Workbook

Sheet ★最初に確認★
A1: ふるさと納税 地場産品類型 確認チャート ※「⇒シート：類型〇号へ」をクリックし、提出事項をご確認ください。
A3: STEP1 | B3: 富士市内で生産されたものですか？ | D3: 地場産品類型：1号 ⇒シート：類型1号へ
A4: （栽培、繁殖、肥育、養殖、水揚げ等が富士市内で行われたもの）
A6: STEP2 | B6: 原材料が富士市内で生産されたものですか？ | D6: 地場産品類型：2号 ⇒シート：類型2号へ
A7: （富士市産の原材料費が、返礼品提供価格の50％を超えるもの）
A9: STEP3 | B9: 富士市内で製造・加工されたものですか？ | D9: 地場産品類型：3号 ⇒シート：類型3号へ
A10: （富士市内での製造・加工工程に係る費用が、返礼品提供価格の50％を超えるもの）
A12: STEP4 | B12: 富士市内で提供されるサービス（宿泊以外）ですか？ | D12: 地場産品類型：7号 ⇒シート：類型7号へ
A13: （飲食・体験・レジャーなどの役務）
A15: STEP5 | B15: 富士市内の宿泊施設における宿泊の提供ですか？ | D15: 地場産品類型：7号の2 ⇒シート：類型7号（宿泊）へ
A16: （全国展開のチェーン店を除く）
A18: 上記のいずれにも該当しない場合、事務局へお問合せください。 【事務局】 富士川まちづくり株式会社 TEL 0545-81-5556 MAIL fuji-furusato@fujikawarakuza.co.jp

Sheet 類型1
A1: 返礼品登録シート【地場産品 類型１号】 ＜栽培、繁殖、肥育、養殖、水揚げ等が富士市内で行われたもの＞ ※1返礼品につき、1枚ご提出ください。 | N1: 提出日 | P1: 年 | R1: 月 | T1: 日
A3: 返礼品名 | N3: 25文字程度でご入力ください。 | T3: =LEN(C3) -> 0
A5: ■返礼品提供事業者情報
A6: 会社名 | I6: 担当者名
A7: 住所 | C7: 〒 ‐
A8: 電話番号 | I8: メールアドレス
A9: 消費税納税義務 | C9: 選択 | I9: 課税事業者登録番号
A11: ■返礼品情報
A12: 生産者 | C12: 会社名 生産者名
C13: 住所
C14: 電話番号
C15: 消費税 納税義務 | D15: 選択 | I15: 課税事業者 登録番号
A16: キャッチコピー
A17: 製品説明文 | N17: 製品の説明文をご入力ください。 （生産方法やこだわり、食品の場合は美味しい食べ方や調理方法など）
A18: 製品概要 | N18: 製品のセット内容や素材、色、サイズ等をご入力ください。
A19: 生産内容 | C19: 選択 | N19: 【栽培】、【繁殖】、【肥育】、【養殖】、【水揚げ】、【その他】のいずれかをお選びください。
A20: 生産内容（その他） | N20: 生産内容【その他】を選択した場合、生産内容をご入力ください。
A21: 保存方法 | C21: 選択 | N21: 【常温】、【冷蔵】、【冷凍】のいずれかをお選びください。
A22: 食品の場合、【消費期限/賞味期限】、【アレルギー表示】、【特定原材料9品目】、【特定原材料に準ずるもの20品目】を必ずご入力ください。（必須項目）
A23: 消費期限/賞味期限 | N23: 消費期限/賞味期限のいずれに該当するか、明記してください。 発送日(出荷日)を基準としてご入力ください。 また、セット品の場合は、すべての期限をご入力ください。
A24: アレルギー表示 | C24: 選択 | N24: アレルギー品目【あり】、【なし】、【食品以外】のいずれかをお選びください。
A25: 特定原材料9品目 | N25: 項目⑦で【あり】を選択した場合、対象品目をご入力ください。
A26: 特定原材料に準ずるもの20品目 | N26: 項目⑦で【あり】を選択した場合、対象品目をご入力ください。
A27: JANコード | N27: ※JANコードを取得していない場合、なしとご入力ください。
A29: ■提供価格
A30: 一般販売価格 (税込) | N30: ※ふるさと納税以外の販売を実施していない場合は、なしとご入力ください。
A31: 富士市への 提供価格 (税込) | N31: ふるさと納税における富士市への提供価格をご入力ください。 （こちらに入力いただいた金額をもとに、寄附額を設定いたします）
A32: 税区分 | C32: 選択 | N32: 【内税】または【非課税】をお選びください。
A33: 税率 | C33: 選択 | N33: 項目⑫で【内税】を選択した場合、【8％】または【10％】をお選びください。 ※【非課税】を選択した場合は、入力不要です。
A35: ■配送情報
A36: 配送名称 | C36: 任意 | N36: ご希望がある場合のみ、伝票に記載の商品名をご入力ください。
A37: 配送方法 | C37: 選択 | N37: 【普通郵便】、【書留】、【レターパック】、【ゆうパケット】、【ゆうパック】、【ネコポス】、【宅急便】、【電子メール】のいずれかをお選びください。
A38: 配送種別 | C38: 選択 | N38: 項目⑮で【ゆうパック】、【宅配便】を選択した場合、【常温】、【冷蔵】、【冷凍】のいずれかをお選びください。
A39: 配送サイズ | N39: 項目⑮で【ゆうパック】、【宅急便】を選択した場合、配送サイズをご入力ください。
A40: 送料 | C40: 選択 | N40: 【固定料金】または【地域別料金】をお選びください。
A41: 送料（固定料金） (税込) | N41: 項目⑰で【固定料金】を選択した場合、金額をご入力ください。
A42: 送料（地域別料金） (税込) | N42: 項目⑰で【地域別料金】を選択した場合、関東送料の金額をご入力ください。
A43: 配送期日 | C43: 注文確認後 | K43: 日 程度で発送 | N43: 発注から発送までに必要な日数を、【7日】、【14日】、【21日】、【30日】、【45日】、【60日】からお選びください。
A44: 配送可能期間 | C44: 選択 | N44: 【通年】または【期間限定】をお選びください。
A45: 配送可能期間-開始日 | N45: 項目⑳で【期間限定】を選択した場合、開始日をご入力ください。 ※【通年】を選択した場合は、入力不要です。
A46: 配送可能期間-終了日 | N46: 項目⑳で【期間限定】を選択した場合、終了日をご入力ください。 ※【通年】を選択した場合は、入力不要です。
A47: 配送不可地域 | C47: ※寄附者様へは、【沖縄・離島配送不可】である旨をご案内しておりますが、実際にお申込みがあった場合には、配送を依頼させていただきます。 | N47: 配送不可地域がある場合、対象地域をご入力ください。 ※全国発送可能な場合は、なしとご入力ください。
A50: ■受注情報
A51: 申込受付可能期間 | C51: 選択 | N51: 【通年】または【期間限定】をお選びください。
A52: 申込受付可能期間 開始日 | N52: 項目㉔で【期間限定】を選択した場合、開始日をご入力ください。 ※【通年】を選択した場合は、入力不要です。
A53: 申込受付可能期間 終了日 | N53: 項目㉔で【期間限定】を選択した場合、終了日をご入力ください。 ※【通年】を選択した場合は、入力不要です。
A54: 提供可能在庫数 | N54: ※在庫数に上限がない場合は、無制限とご入力ください。
A56: ■注意事項・特記事項
A57: 注意事項 | N57: 製品・配送に関する注意事項をご入力ください。 （寄附者向け）
A58: 特記事項 | C58: 任意 | N58: その他特記事項について、ご入力ください。 （事務局・配送事業者向け）
A60: ■その他関連事業者
A61: 関連業務内容 | C61: 会社名 | H61: 所在地 | N61: 電話番号

Sheet 見本-1
A1: 返礼品登録シート【地場産品 類型１号】 ＜栽培、繁殖、肥育、養殖、水揚げ等が富士市内で行われたもの＞ ※1返礼品につき、1枚ご提出ください。 | N1: 提出日 | O1: 2026 | P1: 年 | Q1: 8 | R1: 月 | S1: 31 | T1: 日
A3: 返礼品名 | C3: 富士キウイ（A、B） 5kg | N3: 25文字程度でご入力ください。 | T3: =LEN(C3) -> 14
A5: ■返礼品提供事業者情報
A6: 会社名 | C6: ふるさと納税株式会社 | I6: 担当者名 | K6: ▲▲ ▲▲
A7: 住所 | C7: 〒▲▲▲‐▲▲▲▲ | E7: 富士市永田町▲▲▲
A8: 電話番号 | C8: 0545-▲▲-▲▲▲▲ | I8: メールアドレス | K8: ▲▲▲@▲▲▲▲.co.jp
A9: 消費税納税義務 | C9: 選択 | D9: 課税事業者 | I9: 課税事業者登録番号 | K9: T(13桁)
A11: ■返礼品情報
A12: 生産者 | C12: 会社名 生産者名 | D12: 富士 太郎
C13: 住所 | D13: 富士市永田町▲▲▲
C14: 電話番号 | D14: 0545-55-2952
C15: 消費税 納税義務 | D15: 選択 | E15: 課税事業者 | I15: 課税事業者 登録番号 | J15: T(13桁)
A16: キャッチコピー | C16: 食べやすい！お子様にもおすすめ
A17: 製品説明文 | C17: 糖度が〇以上もある甘いキウイフルーツです。 酸味もあるため、スッキリ食べられます。 食べやすいので、朝ごはんやお子様にもおすすめです！ | N17: 製品の説明文をご入力ください。 （生産方法やこだわり、食品の場合は美味しい食べ方や調理方法など）
A18: 製品概要 | C18: 内容量：キウイフルーツ 5kg 種類：A、B 2種入り セット内容：35個前後・2種 入り/1箱×2 | N18: 製品のセット内容や素材、色、サイズ等をご入力ください。
C19: 【記載例】 《トイレットペーパー》 内容量：〇ロール(〇ロール×〇パック) 種 類：シングル 香 り：芳香（〇〇の香り） カラー：ホワイト 機 能：長巻き、芯なし 材 質：再生紙100％ 製造国：日本 本体サイズ：〇mm×〇メートル | G19: 【記載例】 《ティッシュ》 内容量： 1個〇〇枚(〇〇組)：〇個入りパック×〇パック 計〇個 5個入りパックサイズ：〇 ×〇×〇mm 材 質：再生紙100％ 製造国：日本 1枚サイズ：〇mm×〇mm | K19: 【記載例】 《食品等》 ■内容量 〇袋(〇粒入り)×〇袋 〇g ×〇袋 〇缶（〇味×〇缶） 〇〇〇〇 約〇g×〇P 計約〇g など ■原材料名 鶏肉、食塩、醤油（大豆、小麦を含む）、チキンエキス、調味料（アミノ酸等）、香料、増粘剤（増粘多糖類）、甘味料（キシロース）、カラメル色素、酸味料
A20: 生産内容 | C20: 選択 | D20: 栽培 | N20: 【栽培】、【繁殖】、【肥育】、【養殖】、【水揚げ】、【その他】のいずれかをお選びください。
A21: 生産内容（その他） | N21: 生産内容【その他】を選択した場合、生産内容をご入力ください。
A22: 保存方法 | C22: 選択 | D22: 常温 | N22: 【常温】、【冷蔵】、【冷凍】のいずれかをお選びください。
A23: 食品の場合、【消費期限/賞味期限】、【アレルギー表示】、【特定原材料9品目】、【特定原材料に準ずるもの20品目】を必ずご入力ください。（必須項目）
A24: 消費期限/賞味期限 | C24: 【賞味期限】 A：発送日より5日 B：発送日より7日 | N24: 消費期限/賞味期限のいずれに該当するか、明記してください。 発送日(出荷日)を基準としてご入力ください。 また、セット品の場合は、すべての期限をご入力ください。
A25: アレルギー表示 | C25: 選択 | D25: アレルギー品目あり(またはコンタミネーションの可能性あり) | N25: アレルギー品目【あり】、【なし】、【食品以外】のいずれかをお選びください。
A26: 特定原材料9品目 | N26: 項目⑦で【あり】を選択した場合、対象品目をご入力ください。
A27: 特定原材料に準ずるもの20品目 | C27: キウイフルーツ | N27: 項目⑦で【あり】を選択した場合、対象品目をご入力ください。
A28: JANコード | C28: なし | N28: ※JANコードを取得していない場合、なしとご入力ください。
A30: ■提供価格
A31: 一般販売価格 (税込) | C31: 6000 | N31: ※ふるさと納税以外の販売を実施していない場合は、なしとご入力ください。
A32: 富士市への 提供価格 (税込) | C32: 5500 | N32: ふるさと納税における富士市への提供価格をご入力ください。 （こちらに入力いただいた金額をもとに、寄附額を設定いたします）
A33: 税区分 | C33: 選択 | D33: 内税 | N33: 【内税】または【非課税】をお選びください。
A34: 税率 | C34: 選択 | D34: 0.08 | N34: 項目⑫で【内税】を選択した場合、【8％】または【10％】をお選びください。 ※【非課税】を選択した場合は、入力不要です。
A36: ■配送情報
A37: 配送名称 | C37: 任意 | D37: 富士キウイ（2種） 5kg | N37: ご希望がある場合のみ、伝票に記載の商品名をご入力ください。
A38: 配送方法 | C38: 選択 | D38: 宅急便 | N38: 【普通郵便】、【書留】、【レターパック】、【ゆうパケット】、【ゆうパック】、【ネコポス】、【宅急便】、【電子メール】のいずれかをお選びください。
A39: 配送種別 | C39: 選択 | D39: 常温 | N39: 項目⑮で【ゆうパック】、【宅配便】を選択した場合、【常温】、【冷蔵】、【冷凍】のいずれかをお選びください。
A40: 配送サイズ | C40: 80サイズ（40×20×20） | N40: 項目⑮で【ゆうパック】、【宅急便】を選択した場合、配送サイズをご入力ください。
A41: 送料 | C41: 選択 | D41: 地域別料金 | N41: 【固定料金】または【地域別料金】をお選びください。
A42: 送料（固定料金） (税込) | N42: 項目⑰で【固定料金】を選択した場合、金額をご入力ください。
A43: 送料（地域別料金） (税込) | C43: 1230 | N43: 項目⑰で【地域別料金】を選択した場合、関東送料の金額をご入力ください。
A44: 配送期日 | C44: 注文確認f後 | G44: 30 | K44: 日 程度で発送 | N44: 発注から発送までに必要な日数を、【7日】、【14日】、【21日】、【30日】、【45日】、【60日】からお選びください。
A45: 配送可能期間 | C45: 選択 | D45: 期間限定 | N45: 【通年】または【期間限定】をお選びください。
A46: 配送可能期間-開始日 | C46: 202▲年12月15日 | N46: 項目⑳で【期間限定】を選択した場合、開始日をご入力ください。 ※【通年】を選択した場合は、入力不要です。
A47: 配送可能期間-終了日 | C47: 202▲年1月31日 | N47: 項目⑳で【期間限定】を選択した場合、終了日をご入力ください。 ※【通年】を選択した場合は、入力不要です。
A48: 配送不可地域 | C48: ※寄附者様へは、【沖縄・離島配送不可】である旨をご案内しておりますが、実際にお申込みがあった場合には、配送を依頼させていただきます。 | N48: 配送不可地域がある場合、対象地域をご入力ください。 ※全国発送可能な場合は、なしとご入力ください。
C49: なし
A51: ■受注情報
A52: 申込受付可能期間 | C52: 選択 | D52: 期間限定 | N52: 【通年】または【期間限定】をお選びください。
A53: 申込受付可能期間 開始日 | C53: 202▲年12月1日 | N53: 項目㉔で【期間限定】を選択した場合、開始日をご入力ください。 ※【通年】を選択した場合は、入力不要です。
A54: 申込受付可能期間 終了日 | C54: 202▲年1月15日 | N54: 項目㉔で【期間限定】を選択した場合、終了日をご入力ください。 ※【通年】を選択した場合は、入力不要です。
A55: 提供可能在庫数 | C55: 50個 | N55: ※在庫数に上限がない場合は、無制限とご入力ください。
A57: ■注意事項・特記事項
A58: 注意事項 | C58: 賞味期限は目安のため、「早めにお召し上がりください」と注意書きをお願いします。 | N58: 製品・配送に関する注意事項をご入力ください。 （寄附者向け）
A59: 特記事項 | C59: 任意 | D59: 在庫数は年によって異なるため、変動する可能性があります。 | N59: その他特記事項について、ご入力ください。 （事務局・配送事業者向け）
A61: ■その他関連事業者
A62: 関連業務内容 | C62: 会社名 | H62: 所在地 | N62: 電話番号

Sheet 類型2
A1: 返礼品登録シート【地場産品 類型２号】 ＜富士市産の原材料費が、返礼品提供価格の50％を超えるもの＞ ※1返礼品につき、1枚ご提出ください。 | N1: 提出日 | P1: 年 | R1: 月 | T1: 日
A3: 返礼品名 | N3: 25文字程度でご入力ください。 | T3: =LEN(C3) -> 0
A5: ■市内での付加価値
A6: 返礼品名 | G6: 富士市への 提供価格 (税込) | K6: 富士市内において生じた価値の割合（％） | N6: 一般販売価格（円）
A7: =IF(C3="","",C3) | G7: =IF(C49="","",C49) | K7: =IF(E76="","",E76) | N7: =IF(C48="","",C48)
A9: ■返礼品提供事業者情報
A10: 会社名 | I10: 担当者名
A11: 住所 | C11: 〒 ‐
A12: 電話番号 | I12: メールアドレス
A13: 消費税納税義務 | C13: 選択 | I13: 課税事業者登録番号
A15: ■返礼品情報
A16: 製造事業者 （メーカー名） | C16: 会社名
C17: 住所
C18: 電話番号
C19: 消費税 納税義務 | D19: 選択 | I19: 課税事業者 登録番号
A20: キャッチコピー
A21: 製品説明文 | N21: 製品の説明文をご入力ください。 （生産方法やこだわり、食品の場合は美味しい食べ方や調理方法など）
A22: 製品概要 | N22: 製品に使用しているすべての原材料と、製品のセット内容や素材、色、サイズ等をご入力ください。
A23: 原材料（市内） | C23: 主要原材料（３つ） | I23: 生産者 | L23: 住所 | N23: 製品の原材料の内、市内で生産された原材料をご入力ください。（価格順で3つ） ※市外原材料が3つ未満の場合、空欄になしをご入力ください。
A27: 原材料（市外） | C27: 主要原材料（３つ） | I27: 生産者 | L27: 住所 | N27: 製品の原材料の内、市外で生産された原材料をご入力ください。（価格順で3つ） ※市外原材料が3つ未満の場合、空欄になしをご入力ください。
A31: 加工・製造工程（市内） | C31: 工程 | D31: 工程内容 | I31: 工場名 | L31: 住所 | N31: 加工・製造工程の内、市内で行われる工程をご入力ください。
C32: 1
C33: 2
C34: 3
A35: 加工・製造工程（市外） | C35: 工程 | D35: 工程内容 | I35: 工場名 | L35: 住所 | N35: 加工・製造工程の内、市外で行われる工程をご入力ください。
C36: 1
C37: 2
C38: 3
A39: 保存方法 | C39: 選択 | N39: 【常温】、【冷蔵】、【冷凍】のいずれかをお選びください。
A40: 食品の場合、【消費期限/賞味期限】、【アレルギー表示】、【特定原材料9品目】、【特定原材料に準ずるもの20品目】を必ずご入力ください。（必須項目）
A41: 消費期限/賞味期限 | N41: 消費期限/賞味期限のいずれに該当するか、明記してください。 発送日(出荷日)を基準としてご入力ください。 また、セット品の場合は、すべての期限をご入力ください。
A42: アレルギー表示 | C42: 選択 | N42: アレルギー品目【あり】、【なし】、【食品以外】のいずれかをお選びください。
A43: 特定原材料9品目 | N43: 項目⑦で【あり】を選択した場合、対象品目をご入力ください。
A44: 特定原材料に準ずるもの20品目 | N44: 項目⑦で【あり】を選択した場合、対象品目をご入力ください。
A45: JANコード | N45: ※JANコードを取得していない場合、なしとご入力ください。
A47: ■提供価格
A48: 一般販売価格 (税込) | N48: ※ふるさと納税以外の販売を実施していない場合は、なしとご入力ください。
A49: 富士市への 提供価格 (税込) | N49: ふるさと納税における富士市への提供価格をご入力ください。 （こちらに入力いただいた金額をもとに、寄附額を設定いたします）
A50: 税区分 | C50: 選択 | N50: 【内税】または【非課税】をお選びください。
A51: 税率 | C51: 選択 | N51: 項目⑫で【内税】を選択した場合、【8％】または【10％】をお選びください。 ※【非課税】を選択した場合は、入力不要です。
A53: ■市内での付加価値（原材料）
A54: 原材料 （市内） | B54: 原材料 | C54: =IF(C24="","",C24) | F54: =IF(C25="","",C25) | I54: =IF(C26="","",C26) | L54: その他
B55: 産地 | C55: =IF(L24="","",L24) | F55: =IF(L25="","",L25) | I55: =IF(L26="","",L26) | L55: 富士市
B56: 価格 | N56: =SUM(C56:M56) -> 0
A57: 原材料 （市外） | B57: 原材料 | C57: =IF(C28="","",C28) | F57: =IF(C29="","",C29) | I57: =IF(C30="","",C30) | L57: その他
B58: 産地 | C58: =IF(L28="","",L28) | F58: =IF(L29="","",L29) | I58: =IF(L30="","",L30)
B59: 価格 | N59: =SUM(C59:M59) -> 0
A61: ■市内での付加価値（加工・製造工程）
A62: 加工・製造工程 （市内） | B62: 工程 | C62: =IF(D32="","",D32) | F62: =IF(D33="","",D33) | I62: =IF(D34="","",D34) | L62: その他
B63: 工場名 | C63: =IF(I32="","",I32) | F63: =IF(I33="","",I33) | I63: =IF(I34="","",I34)
B64: 住所 | C64: =IF(L32="","",L32) | F64: =IF(L33="","",L33) | I64: =IF(L34="","",L34)
B65: 価格 | N65: =SUM(C65:M65) -> 0
A66: 加工・製造工程 （市外） | B66: 工程 | C66: =IF(D36="","",D36) | F66: =IF(D37="","",D37) | I66: =IF(D38="","",D38) | L66: その他
B67: 工場名 | C67: =IF(I36="","",I36) | F67: =IF(I37="","",I37) | I67: =IF(I38="","",I38)
B68: 住所 | C68: =IF(L36="","",L36) | F68: =IF(L37="","",L37) | I68: =IF(L38="","",L38)
B69: 価格 | N69: =SUM(C69:M69) -> 0
C71: 市内 | G71: 市外 | K71: 合計金額 | M71: 提供価格に対する 割合 | N71: 提供価格
C72: 金額 | E72: 割合 | G72: 金額 | I72: 割合
A73: 原材料 | C73: =IF(N56="","",N56) -> 0 | E73: =IF(OR(K73="",K73=0),"",C73/K73) | G73: =IF(N59="","",N59) -> 0 | I73: =IF(OR(K73="",K73=0),"",G73/K73) | K73: =C73+G73 -> 0 | M73: =IF(OR(N73="",N73=0),"",K73/N73) | N73: =IF(C49="","",C49)
A74: 加工・製造工程 | C74: =IF(N65="","",N65) -> 0 | E74: =IF(OR(K74="",K74=0),"",C74/K74) | G74: =IF(N69="","",N69) -> 0 | I74: =IF(OR(K74="",K74=0),"",G74/K74) | K74: =C74+G74 -> 0 | M74: =IF(OR(N73="",N73=0),"",K74/N73)
A75: その他 | K75: =C75+G75 -> 0 | M75: =IF(OR(N73="",N73=0),"",K75/N73)
A76: 合計 | C76: =SUM(C73:D75) -> 0 | E76: =IF(OR(N73="",N73=0),"",C76/N73) | G76: =SUM(G73:H75) -> 0 | I76: =IF(OR(N73="",N73=0),"",G76/N73) | K76: =SUM(K73:L75) -> 0 | M76: =SUM(M73:M75) -> 0
A78: ■配送情報
A79: 配送名称 | C79: 任意 | N79: ご希望がある場合のみ、伝票に記載の商品名をご入力ください。
A80: 配送方法 | C80: 選択 | N80: 【普通郵便】、【書留】、【レターパック】、【ゆうパケット】、【ゆうパック】、【ネコポス】、【宅急便】、【電子メール】のいずれかをお選びください。
A81: 配送種別 | C81: 選択 | N81: 項目⑮で【ゆうパック】、【宅配便】を選択した場合、【常温】、【冷蔵】、【冷凍】のいずれかをお選びください。
A82: 配送サイズ | N82: 項目⑮で【ゆうパック】、【宅急便】を選択した場合、配送サイズをご入力ください。
A83: 送料 | C83: 選択 | N83: 【固定料金】または【地域別料金】をお選びください。
A84: 送料（固定料金） (税込) | N84: 項目⑰で【固定料金】を選択した場合、金額をご入力ください。
A85: 送料（地域別料金） (税込) | N85: 項目⑰で【地域別料金】を選択した場合、関東送料の金額をご入力ください。
A86: 配送期日 | C86: 注文確認f後 | K86: 日 程度で発送 | N86: 発注から発送までに必要な日数を、【7日】、【14日】、【21日】、【30日】、【45日】、【60日】からお選びください。
A87: 配送可能期間 | C87: 選択 | N87: 【通年】または【期間限定】をお選びください。
A88: 配送可能期間-開始日 | N88: 項目⑳で【期間限定】を選択した場合、開始日をご入力ください。 ※【通年】を選択した場合は、入力不要です。
A89: 配送可能期間-終了日 | N89: 項目⑳で【期間限定】を選択した場合、終了日をご入力ください。 ※【通年】を選択した場合は、入力不要です。
A90: 配送不可地域 | C90: ※寄附者様へは、【沖縄・離島配送不可】である旨をご案内しておりますが、実際にお申込みがあった場合には、配送を依頼させていただきます。 | N90: 配送不可地域がある場合、対象地域をご入力ください。 ※全国発送可能な場合は、なしとご入力ください。
A93: ■受注情報
A94: 申込受付可能期間 | C94: 選択 | N94: 【通年】または【期間限定】をお選びください。
A95: 申込受付可能期間 開始日 | N95: 項目㉔で【期間限定】を選択した場合、開始日をご入力ください。 ※【通年】を選択した場合は、入力不要です。
A96: 申込受付可能期間 終了日 | N96: 項目㉔で【期間限定】を選択した場合、終了日をご入力ください。 ※【通年】を選択した場合は、入力不要です。
A97: 提供可能在庫数 | N97: ※在庫数に上限がない場合は、無制限とご入力ください。
A99: ■注意事項・特記事項
A100: 注意事項 | N100: 製品・配送に関する注意事項をご入力ください。 （寄附者向け）
A101: 特記事項 | C101: 任意 | N101: その他特記事項について、ご入力ください。 （事務局・配送事業者向け）
A103: ■その他関連事業者
A104: 関連業務内容 | C104: 会社名 | H104: 所在地 | N104: 電話番号

Sheet 見本-2
A1: 返礼品登録シート【地場産品 類型２号】 ＜富士市産の原材料費が、返礼品提供価格の50％を超えるもの＞ ※1返礼品につき、1枚ご提出ください。 | N1: 提出日 | O1: 2026 | P1: 年 | Q1: 8 | R1: 月 | S1: 31 | T1: 日
A3: 返礼品名 | C3: 富士緑茶（100g×2袋） | N3: 25文字程度でご入力ください。 | T3: =LEN(C3) -> 13
A5: ■市内での付加価値
A6: 返礼品名 | G6: 富士市への 提供価格 (税込) | K6: 富士市内において生じた価値の割合（％） | N6: 一般販売価格（円）
A7: =IF(C3="","",C3) -> 富士緑茶（100g×2袋） | G7: =IF(C50="","",C50) -> 1200 | K7: =IF(E77="","",E77) -> 0.75 | N7: =IF(C49="","",C49) -> 1200
A9: ■返礼品提供事業者情報
A10: 会社名 | C10: ふるさと納税株式会社 | I10: 担当者名 | K10: ▲▲ ▲▲
A11: 住所 | C11: 〒▲▲▲‐▲▲▲▲ | E11: 富士市永田町▲▲▲
A12: 電話番号 | C12: 0545-▲▲-▲▲▲▲ | I12: メールアドレス | K12: ▲▲▲@▲▲▲▲.co.jp
A13: 消費税納税義務 | C13: 選択 | D13: 課税事業者 | I13: 課税事業者登録番号 | K13: T(13桁)
A15: ■返礼品情報
A16: 製造事業者 （メーカー名） | C16: 会社名 | D16: 富士緑茶株式会社
C17: 住所 | D17: 富士宮市弓沢町▲▲▲
C18: 電話番号 | D18: 0545-55-2952
C19: 消費税 納税義務 | D19: 選択 | E19: 課税事業者 | I19: 課税事業者 登録番号 | J19: T(13桁)
A20: キャッチコピー | C20: 優雅な香りと、豊かな味わい。贈答品にもおすすめ
A21: 製品説明文 | C21: 富士山の麓で栽培された茶葉を使用した富士緑茶は、優雅な香りと豊かな味わいが特徴です。 80度のお湯で少し蒸らしてから、お召し上がりください。 袋には富士山の絵柄を描いているため、贈答品にもおすすめです！ | N21: 製品の説明文をご入力ください。 （生産方法やこだわり、食品の場合は美味しい食べ方や調理方法など）
A22: 製品概要 | C22: 原材料：緑茶 内容量：200g（100g/1袋×2） 種類：やぶ北茶 セット内容：100g/1袋×2 | N22: 製品に使用しているすべての原材料と、製品のセット内容や素材、色、サイズ等をご入力ください。
C23: 【記載例】 《トイレットペーパー》 内容量：〇ロール(〇ロール×〇パック) 種 類：シングル 香 り：芳香（〇〇の香り） カラー：ホワイト 機 能：長巻き、芯なし 材 質：再生紙100％ 製造国：日本 本体サイズ：〇mm×〇メートル | G23: 【記載例】 《ティッシュ》 内容量： 1個〇〇枚(〇〇組)：〇個入りパック×〇パック 計〇個 5個入りパックサイズ：〇 ×〇×〇mm 材 質：再生紙100％ 製造国：日本 1枚サイズ：〇mm×〇mm | K23: 【記載例】 《食品等》 ■内容量 〇袋(〇粒入り)×〇袋 〇g ×〇袋 〇缶（〇味×〇缶） 〇〇〇〇 約〇g×〇P 計約〇g など ■原材料名 鶏肉、食塩、醤油（大豆、小麦を含む）、チキンエキス、調味料（アミノ酸等）、香料、増粘剤（増粘多糖類）、甘味料（キシロース）、カラメル色素、酸味料
A24: 原材料（市内） | C24: 主要原材料（３つ） | I24: 生産者 | L24: 住所 | N24: 製品の原材料の内、市内で生産された原材料をご入力ください。（価格順で3つ） ※市外原材料が3つ未満の場合、空欄になしをご入力ください。
C25: 緑茶 | I25: 富士 太郎 | L25: 富士市永田町▲▲▲
C26: なし
C27: なし
A28: 原材料（市外） | C28: 主要原材料（３つ） | I28: 生産者 | L28: 住所 | N28: 製品の原材料の内、市外で生産された原材料をご入力ください。（価格順で3つ） ※市外原材料が3つ未満の場合、空欄になしをご入力ください。
C29: なし
C30: なし
C31: なし
A32: 加工・製造工程（市内） | C32: 工程 | D32: 工程内容 | I32: 工場名 | L32: 住所 | N32: 加工・製造工程の内、市内で行われる工程をご入力ください。
C33: 1 | D33: 摘採 | I33: 富士 太郎 | L33: 富士市永田町▲▲▲
C34: 2
C35: 3
A36: 加工・製造工程（市外） | C36: 工程 | D36: 工程内容 | I36: 工場名 | L36: 住所 | N36: 加工・製造工程の内、市外で行われる工程をご入力ください。
C37: 1 | D37: 蒸熱、冷却 | I37: 富士緑茶株式会社 | L37: 富士宮市弓沢町▲▲▲
C38: 2 | D38: 粗揉・揉捻・中揉・精揉、乾燥 | I38: 富士緑茶株式会社 | L38: 富士宮市弓沢町▲▲▲
C39: 3 | D39: 計量・包装 | I39: 富士緑茶株式会社 | L39: 富士宮市弓沢町▲▲▲
A40: 保存方法 | C40: 選択 | D40: 常温 | N40: 【常温】、【冷蔵】、【冷凍】のいずれかをお選びください。
A41: 食品の場合、【消費期限/賞味期限】、【アレルギー表示】、【特定原材料9品目】、【特定原材料に準ずるもの20品目】を必ずご入力ください。（必須項目）
A42: 消費期限/賞味期限 | C42: 【賞味期限】 発送日より常温3か月 | N42: 消費期限/賞味期限のいずれに該当するか、明記してください。 発送日(出荷日)を基準としてご入力ください。 また、セット品の場合は、すべての期限をご入力ください。
A43: アレルギー表示 | C43: 選択 | D43: アレルギー品目なし | N43: アレルギー品目【あり】、【なし】、【食品以外】のいずれかをお選びください。
A44: 特定原材料9品目 | N44: 項目⑦で【あり】を選択した場合、対象品目をご入力ください。
A45: 特定原材料に準ずるもの20品目 | N45: 項目⑦で【あり】を選択した場合、対象品目をご入力ください。
A46: JANコード | C46: 0000000000-000-0 | N46: ※JANコードを取得していない場合、なしとご入力ください。
A48: ■提供価格
A49: 一般販売価格 (税込) | C49: 1200 | N49: ※ふるさと納税以外の販売を実施していない場合は、なしとご入力ください。
A50: 富士市への 提供価格 (税込) | C50: 1200 | N50: ふるさと納税における富士市への提供価格をご入力ください。 （こちらに入力いただいた金額をもとに、寄附額を設定いたします）
A51: 税区分 | C51: 選択 | D51: 内税 | N51: 【内税】または【非課税】をお選びください。
A52: 税率 | C52: 選択 | D52: 0.08 | N52: 項目⑫で【内税】を選択した場合、【8％】または【10％】をお選びください。 ※【非課税】を選択した場合は、入力不要です。
A54: ■市内での付加価値（原材料）
A55: 原材料 （市内） | B55: 原材料 | C55: =IF(C25="","",C25) -> 緑茶 | F55: =IF(C26="","",C26) -> なし | I55: =IF(C27="","",C27) -> なし | L55: その他
B56: 産地 | C56: =IF(L25="","",L25) -> 富士市永田町▲▲▲ | F56: =IF(L26="","",L26) | I56: =IF(L27="","",L27) | L56: 富士市
B57: 価格 | C57: 800 | N57: =SUM(C57:M57) -> 800
A58: 原材料 （市外） | B58: 原材料 | C58: =IF(C29="","",C29) -> なし | F58: =IF(C30="","",C30) -> なし | I58: =IF(C31="","",C31) -> なし | L58: その他
B59: 産地 | C59: =IF(L29="","",L29) | F59: =IF(L30="","",L30) | I59: =IF(L31="","",L31)
B60: 価格 | N60: =SUM(C60:M60) -> 0
A62: ■市内での付加価値（加工・製造工程）
A63: 加工・製造工程 （市内） | B63: 工程 | C63: =IF(D33="","",D33) -> 摘採 | F63: =IF(D34="","",D34) | I63: =IF(D35="","",D35) | L63: その他
B64: 工場名 | C64: =IF(I33="","",I33) -> 富士 太郎 | F64: =IF(I34="","",I34) | I64: =IF(I35="","",I35)
B65: 住所 | C65: =IF(L33="","",L33) -> 富士市永田町▲▲▲ | F65: =IF(L34="","",L34) | I65: =IF(L35="","",L35)
B66: 価格 | C66: 100 | N66: =SUM(C66:M66) -> 100
A67: 加工・製造工程 （市外） | B67: 工程 | C67: =IF(D37="","",D37) -> 蒸熱、冷却 | F67: =IF(D38="","",D38) -> 粗揉・揉捻・中揉・精揉、乾燥 | I67: =IF(D39="","",D39) -> 計量・包装 | L67: その他
B68: 工場名 | C68: =IF(I37="","",I37) -> 富士緑茶株式会社 | F68: =IF(I38="","",I38) -> 富士緑茶株式会社 | I68: =IF(I39="","",I39) -> 富士緑茶株式会社
B69: 住所 | C69: =IF(L37="","",L37) -> 富士宮市弓沢町▲▲▲ | F69: =IF(L38="","",L38) -> 富士宮市弓沢町▲▲▲ | I69: =IF(L39="","",L39) -> 富士宮市弓沢町▲▲▲
B70: 価格 | C70: 100 | F70: 100 | I70: 100 | N70: =SUM(C70:M70) -> 300
C72: 市内 | G72: 市外 | K72: 合計金額 | M72: 提供価格に対する 割合 | N72: 提供価格
C73: 金額 | E73: 割合 | G73: 金額 | I73: 割合
A74: 原材料 | C74: =IF(N57="","",N57) -> 800 | E74: =C74/K74 -> 1 | G74: =IF(N60="","",N60) -> 0 | I74: =G74/K74 -> 0 | K74: =C74+G74 -> 800 | M74: =K74/N74 -> 0.66666667 | N74: =IF(C50="","",C50) -> 1200
A75: 加工・製造工程 | C75: =IF(N66="","",N66) -> 100 | E75: =C75/K75 -> 0.25 | G75: =IF(N70="","",N70) -> 300 | I75: =G75/K75 -> 0.75 | K75: =C75+G75 -> 400 | M75: =K75/N74 -> 0.33333333
A76: その他 | K76: =C76+G76 -> 0 | M76: =K76/N74 -> 0
A77: 合計 | C77: =SUM(C74:D76) -> 900 | E77: =C77/N74 -> 0.75 | G77: =SUM(G74:H76) -> 300 | I77: =G77/N74 -> 0.25 | K77: =SUM(K74:L76) -> 1200 | M77: =SUM(M74:M76) -> 1
A79: ■配送情報
A80: 配送名称 | C80: 任意 | N80: ご希望がある場合のみ、伝票に記載の商品名をご入力ください。
A81: 配送方法 | C81: 選択 | D81: ゆうパック | N81: 【普通郵便】、【書留】、【レターパック】、【ゆうパケット】、【ゆうパック】、【ネコポス】、【宅急便】、【電子メール】のいずれかをお選びください。
A82: 配送種別 | C82: 選択 | D82: 常温 | N82: 項目⑮で【ゆうパック】、【宅配便】を選択した場合、【常温】、【冷蔵】、【冷凍】のいずれかをお選びください。
A83: 配送サイズ | C83: 60 | N83: 項目⑮で【ゆうパック】、【宅急便】を選択した場合、配送サイズをご入力ください。
A84: 送料 | C84: 選択 | D84: 地域別料金 | N84: 【固定料金】または【地域別料金】をお選びください。
A85: 送料（固定料金） (税込) | N85: 項目⑰で【固定料金】を選択した場合、金額をご入力ください。
A86: 送料（地域別料金） (税込) | C86: 880 | N86: 項目⑰で【地域別料金】を選択した場合、関東送料の金額をご入力ください。
A87: 配送期日 | C87: 注文確認f後 | G87: 14 | K87: 日 程度で発送 | N87: 発注から発送までに必要な日数を、【7日】、【14日】、【21日】、【30日】、【45日】、【60日】からお選びください。
A88: 配送可能期間 | C88: 選択 | D88: 通年 | N88: 【通年】または【期間限定】をお選びください。
A89: 配送可能期間-開始日 | N89: 項目⑳で【期間限定】を選択した場合、開始日をご入力ください。 ※【通年】を選択した場合は、入力不要です。
A90: 配送可能期間-終了日 | N90: 項目⑳で【期間限定】を選択した場合、終了日をご入力ください。 ※【通年】を選択した場合は、入力不要です。
A91: 配送不可地域 | C91: ※寄附者様へは、【沖縄・離島配送不可】である旨をご案内しておりますが、実際にお申込みがあった場合には、配送を依頼させていただきます。 | N91: 配送不可地域がある場合、対象地域をご入力ください。 ※全国発送可能な場合は、なしとご入力ください。
C92: なし
A94: ■受注情報
A95: 申込受付可能期間 | C95: 選択 | D95: 通年 | N95: 【通年】または【期間限定】をお選びください。
A96: 申込受付可能期間 開始日 | N96: 項目㉔で【期間限定】を選択した場合、開始日をご入力ください。 ※【通年】を選択した場合は、入力不要です。
A97: 申込受付可能期間 終了日 | N97: 項目㉔で【期間限定】を選択した場合、終了日をご入力ください。 ※【通年】を選択した場合は、入力不要です。
A98: 提供可能在庫数 | C98: 10,000個/月 | N98: ※在庫数に上限がない場合は、無制限とご入力ください。
A100: ■注意事項・特記事項
A101: 注意事項 | C101: 袋の絵柄はランダムのため、ご指定いただけません。 | N101: 製品・配送に関する注意事項をご入力ください。 （寄附者向け）
A102: 特記事項 | C102: 任意 | N102: その他特記事項について、ご入力ください。 （事務局・配送事業者向け）
A104: ■その他関連事業者
A105: 関連業務内容 | C105: 会社名 | H105: 所在地 | N105: 電話番号

Sheet 類型3
A1: 返礼品登録シート【地場産品 類型３号】 ＜富士市内での製造・加工工程に係る費用が、返礼品提供価格の50％を超えるもの＞ ※1返礼品につき、1枚ご提出ください。 | N1: 提出日 | P1: 年 | R1: 月 | T1: 日
A3: 返礼品名 | N3: 25文字程度でご入力ください。 | T3: =LEN(C3) -> 0
A5: ■市内での付加価値（公表事項）※市のHPで公表される事項です。制度改正により、公表事項は変更になる可能性がございます。
A6: 返礼品名 | G6: 富士市への 提供価格 (税込) | K6: 富士市内において生じた価値の割合（％） | N6: 一般販売価格（円）
A7: =IF(C3="","",C3) | G7: =IF(C49="","",C49) | K7: =IF(E76="","",E76) | N7: =IF(C48="","",C48)
A9: ■返礼品提供事業者情報
A10: 会社名 | I10: 担当者名
A11: 住所 | C11: 〒 ‐
A12: 電話番号 | I12: メールアドレス
A13: 消費税納税義務 | C13: 選択 | I13: 課税事業者登録番号
A15: ■返礼品情報
A16: 製造事業者 （メーカー名） | C16: 会社名
C17: 住所
C18: 電話番号
C19: 消費税 納税義務 | D19: 選択 | I19: 課税事業者 登録番号
A20: キャッチコピー
A21: 製品説明文 | N21: 製品の説明文をご入力ください。 （生産方法やこだわり、食品の場合は美味しい食べ方や調理方法など）
A22: 製品概要 | N22: 製品に使用しているすべての原材料と、製品のセット内容や素材、色、サイズ等をご入力ください。
A23: 原材料（市内） | C23: 主要原材料（３つ） | N23: 製品の原材料の内、市内で生産された原材料をご入力ください。（価格順で3つ） ※市外原材料が3つ未満の場合、空欄になしをご入力ください。
A25: 原材料（市外） | C25: 主要原材料（３つ） | N25: 製品の原材料の内、市外で生産された原材料をご入力ください。（価格順で3つ） ※市外原材料が3つ未満の場合、空欄になしをご入力ください。
A27: 加工・製造工程（市内） | C27: 工程 | D27: 工程内容 | I27: 工場名 | L27: 住所 | N27: 加工・製造工程の内、市内で行われる工程の詳細をご入力ください。
C28: 1
C29: 2
C30: 3
C31: 4
C32: 5
A33: 加工・製造工程（市外） | C33: 工程 | D33: 工程内容 | I33: 工場名 | L33: 住所 | N33: 加工・製造工程の内、市外で行われる工程の詳細をご入力ください。
C34: 1
C35: 2
C36: 3
C37: 4
C38: 5
A39: 保存方法 | C39: 選択 | N39: 【常温】、【冷蔵】、【冷凍】のいずれかをお選びください。
A40: 食品の場合、【消費期限/賞味期限】、【アレルギー表示】、【特定原材料9品目】、【特定原材料に準ずるもの20品目】を必ずご入力ください。（必須項目）
A41: 消費期限/賞味期限 | N41: 消費期限/賞味期限のいずれに該当するか、明記してください。 発送日(出荷日)を基準としてご入力ください。 また、セット品の場合は、すべての期限をご入力ください。
A42: アレルギー表示 | C42: 選択 | N42: アレルギー品目【あり】、【なし】、【食品以外】のいずれかをお選びください。
A43: 特定原材料9品目 | N43: 項目⑦で【あり】を選択した場合、対象品目をご入力ください。
A44: 特定原材料に準ずるもの20品目 | N44: 項目⑦で【あり】を選択した場合、対象品目をご入力ください。
A45: JANコード | N45: ※JANコードを取得していない場合、なしとご入力ください。
A47: ■提供価格
A48: 一般販売価格 (税込) | N48: ※ふるさと納税以外の販売を実施していない場合は、なしとご入力ください。
A49: 富士市への 提供価格 (税込) | N49: ふるさと納税における富士市への提供価格をご入力ください。 （こちらに入力いただいた金額をもとに、寄附額を設定いたします）
A50: 税区分 | C50: 選択 | N50: 【内税】または【非課税】をお選びください。
A51: 税率 | C51: 選択 | N51: 項目⑫で【内税】を選択した場合、【8％】または【10％】をお選びください。 ※【非課税】を選択した場合は、入力不要です。
A53: ■市内での付加価値（原材料）
A54: 原材料 （市内） | B54: 原材料 | C54: =IF(C24="","",C24) | F54: =IF(G24="","",G24) | I54: =IF(K24="","",K24) | L54: その他
B55: 産地 | C55: 富士市 | F55: 富士市 | I55: 富士市 | L55: 富士市
B56: 価格 | N56: =SUM(C56:M56) -> 0
A57: 原材料 （市外） | B57: 原材料 | C57: =IF(C26="","",C26) | F57: =IF(G26="","",G26) | I57: =IF(K26="","",K26) | L57: その他
B58: 産地
B59: 価格 | N59: =SUM(C59:M59) -> 0
A61: ■市内での付加価値（加工・製造工程）
A62: 加工・製造工程 （市内） | B62: 工程 | C62: =IF(D28="","",D28) | E62: =IF(D29="","",D29) | G62: =IF(D30="","",D30) | I62: =IF(D31="","",D31) | K62: =IF(D32="","",D32) | M62: その他
B63: 工場名 | C63: =IF(I28="","",I28) | E63: =IF(I29="","",I29) | G63: =IF(I30="","",I30) | I63: =IF(I31="","",I31) | K63: =IF(I32="","",I32)
B64: 住所 | C64: =IF(L28="","",L28) | E64: =IF(L29="","",L29) | G64: =IF(L30="","",L30) | I64: =IF(L31="","",L31) | K64: =IF(L32="","",L32)
B65: 価格 | N65: =SUM(C65:M65) -> 0
A66: 加工・製造工程 （市外） | B66: 工程 | C66: =IF(D34="","",D34) | E66: =IF(D35="","",D35) | G66: =IF(D36="","",D36) | I66: =IF(D37="","",D37) | K66: =IF(D38="","",D38) | M66: その他
B67: 工場名 | C67: =IF(K34="","",K34) | E67: =IF(K35="","",K35) | G67: =IF(K36="","",K36) | I67: =IF(K37="","",K37) | K67: =IF(K38="","",K38)
B68: 住所 | C68: =IF(L34="","",L34) | E68: =IF(L35="","",L35) | G68: =IF(L36="","",L36) | I68: =IF(L37="","",L37) | K68: =IF(L38="","",L38)
B69: 価格 | N69: =SUM(C69:M69) -> 0
C71: 市内 | G71: 市外 | K71: 合計金額 | M71: 提供価格に対する 割合 | N71: 提供価格
C72: 金額 | E72: 割合 | G72: 金額 | I72: 割合
A73: 原材料 | C73: =IF(N56="","",N56) -> 0 | E73: =IF(OR(K73="",K73=0),"",C73/K73) | G73: =IF(N59="","",N59) -> 0 | I73: =IF(OR(K73="",K73=0),"",G73/K73) | K73: =C73+G73 -> 0 | M73: =IF(OR(N73="",N73=0),"",K73/N73) | N73: =IF(C49="","",C49)
A74: 加工・製造工程 | C74: =IF(N65="","",N65) -> 0 | E74: =IF(OR(K74="",K74=0),"",C74/K74) | G74: =IF(N69="","",N69) -> 0 | I74: =IF(OR(K74="",K74=0),"",G74/K74) | K74: =C74+G74 -> 0 | M74: =IF(OR(N73="",N73=0),"",K74/N73)
A75: その他 | K75: =C75+G75 -> 0 | M75: =IF(OR(N73="",N73=0),"",K75/N73)
A76: 合計 | C76: =SUM(C73:D75) -> 0 | E76: =IF(OR(N73="",N73=0),"",C76/N73) | G76: =SUM(G73:H75) -> 0 | I76: =IF(OR(N73="",N73=0),"",G76/N73) | K76: =SUM(K73:L75) -> 0 | M76: =SUM(M73:M75) -> 0
A78: ■配送情報
A79: 配送名称 | C79: 任意 | N79: ご希望がある場合のみ、伝票に記載の商品名をご入力ください。
A80: 配送方法 | C80: 選択 | N80: 【普通郵便】、【書留】、【レターパック】、【ゆうパケット】、【ゆうパック】、【ネコポス】、【宅急便】、【電子メール】のいずれかをお選びください。
A81: 配送種別 | C81: 選択 | N81: 項目⑮で【ゆうパック】、【宅配便】を選択した場合、【常温】、【冷蔵】、【冷凍】のいずれかをお選びください。
A82: 配送サイズ | N82: 項目⑮で【ゆうパック】、【宅急便】を選択した場合、配送サイズをご入力ください。
A83: 送料 | C83: 選択 | N83: 【固定料金】または【地域別料金】をお選びください。
A84: 送料（固定料金） (税込) | N84: 項目⑰で【固定料金】を選択した場合、金額をご入力ください。
A85: 送料（地域別料金） (税込) | N85: 項目⑰で【地域別料金】を選択した場合、関東送料の金額をご入力ください。
A86: 配送期日 | C86: 注文確認f後 | K86: 日 程度で発送 | N86: 発注から発送までに必要な日数を、【7日】、【14日】、【21日】、【30日】、【45日】、【60日】からお選びください。
A87: 配送可能期間 | C87: 選択 | N87: 【通年】または【期間限定】をお選びください。
A88: 配送可能期間-開始日 | N88: 項目⑳で【期間限定】を選択した場合、開始日をご入力ください。 ※【通年】を選択した場合は、入力不要です。
A89: 配送可能期間-終了日 | N89: 項目⑳で【期間限定】を選択した場合、終了日をご入力ください。 ※【通年】を選択した場合は、入力不要です。
A90: 配送不可地域 | C90: ※寄附者様へは、【沖縄・離島配送不可】である旨をご案内しておりますが、実際にお申込みがあった場合には、配送を依頼させていただきます。 | N90: 配送不可地域がある場合、対象地域をご入力ください。 ※全国発送可能な場合は、なしとご入力ください。
A93: ■受注情報
A94: 申込受付可能期間 | C94: 選択 | N94: 【通年】または【期間限定】をお選びください。
A95: 申込受付可能期間 開始日 | N95: 項目㉔で【期間限定】を選択した場合、開始日をご入力ください。 ※【通年】を選択した場合は、入力不要です。
A96: 申込受付可能期間 終了日 | N96: 項目㉔で【期間限定】を選択した場合、終了日をご入力ください。 ※【通年】を選択した場合は、入力不要です。
A97: 提供可能在庫数 | N97: ※在庫数に上限がない場合は、無制限とご入力ください。
A99: ■注意事項・特記事項
A100: 注意事項 | N100: 製品・配送に関する注意事項をご入力ください。 （寄附者向け）
A101: 特記事項 | C101: 任意 | N101: その他特記事項について、ご入力ください。 （事務局・配送事業者向け）
A103: ■その他関連事業者
A104: 関連業務内容 | C104: 会社名 | H104: 所在地 | N104: 電話番号

Sheet 見本-3
A1: 返礼品登録シート【地場産品 類型３号】 ＜富士市内での製造・加工工程に係る費用が、返礼品提供価格の50％を超えるもの＞ ※1返礼品につき、1枚ご提出ください。 | N1: 提出日 | O1: 2026 | P1: 年 | Q1: 8 | R1: 月 | S1: 31 | T1: 日
A3: 返礼品名 | C3: 富士トイレットペーパー 4パック | N3: 25文字程度でご入力ください。 | T3: =LEN(C3) -> 16
A5: ■市内での付加価値（公表事項）※市のHPで公表される事項です。制度改正により、公表事項は変更になる可能性がございます。
A6: 返礼品名 | G6: 富士市への 提供価格 (税込) | K6: 富士市内において生じた価値の割合（％） | N6: 一般販売価格（円）
A7: =IF(C3="","",C3) -> 富士トイレットペーパー 4パック | G7: =IF(C50="","",C50) -> 2200 | K7: =IF(E77="","",E77) -> 0.90909091 | N7: =IF(C49="","",C49) -> 3300
A9: ■返礼品提供事業者情報
A10: 会社名 | C10: ふるさと納税株式会社 | I10: 担当者名 | K10: ▲▲ ▲▲
A11: 住所 | C11: 〒▲▲▲‐▲▲▲▲ | E11: 富士市永田町▲▲▲
A12: 電話番号 | C12: 0545-▲▲-▲▲▲▲ | I12: メールアドレス | K12: ▲▲▲@▲▲▲▲.co.jp
A13: 消費税納税義務 | C13: 選択 | D13: 課税事業者 | I13: 課税事業者登録番号 | K13: T(13桁)
A15: ■返礼品情報
A16: 製造事業者 （メーカー名） | C16: 会社名 | D16: 富士トイレ株式会社
C17: 住所 | D17: 富士市永田町▲▲▲
C18: 電話番号 | D18: 0545-55-2952
C19: 消費税 納税義務 | D19: 選択 | E19: 課税事業者 | I19: 課税事業者 登録番号 | J19: T(13桁)
A20: キャッチコピー | C20: かわいい●●●のパッケージ
A21: 製品説明文 | C21: エンボス加工と独自の製法でふんわり優しい肌触りが特徴です。 パッケージにはかわいい●●●がプリントされており、デザインはランダムで届きます。 トイレットペーパーには消臭効果もあり、●●●の香り付きです。 | N21: 製品の説明文をご入力ください。 （生産方法やこだわり、食品の場合は美味しい食べ方や調理方法など）
A22: 製品概要 | C22: 【内容量】12ロール×4パック 【種類】ダブル 【香り】●●●香り 【カラー】ホワイト（エンボス加工による絵柄は●●●色） 【特徴】エンボス加工、●●●のパッケージ 【原材料】古紙リサイクルパルプ 【製造国】日本 【本体サイズ】●mm×●ｍ | N22: 製品に使用しているすべての原材料と、製品のセット内容や素材、色、サイズ等をご入力ください。
C23: 【記載例】 《トイレットペーパー》 内容量：〇ロール(〇ロール×〇パック) 種 類：シングル 香 り：芳香（〇〇の香り） カラー：ホワイト 機 能：長巻き、芯なし 材 質：再生紙100％ 製造国：日本 本体サイズ：〇mm×〇メートル | G23: 【記載例】 《ティッシュ》 内容量： 1個〇〇枚(〇〇組)：〇個入りパック×〇パック 計〇個 5個入りパックサイズ：〇 ×〇×〇mm 材 質：再生紙100％ 製造国：日本 1枚サイズ：〇mm×〇mm | K23: 【記載例】 《食品等》 ■内容量 〇袋(〇粒入り)×〇袋 〇g ×〇袋 〇缶（〇味×〇缶） 〇〇〇〇 約〇g×〇P 計約〇g など ■原材料名 鶏肉、食塩、醤油（大豆、小麦を含む）、チキンエキス、調味料（アミノ酸等）、香料、増粘剤（増粘多糖類）、甘味料（キシロース）、カラメル色素、酸味料
A24: 原材料（市内） | C24: 主要原材料（３つ） | N24: 製品の原材料の内、市内で生産された原材料をご入力ください。（価格順で3つ） ※市外原材料が3つ未満の場合、空欄になしをご入力ください。
C25: 古紙 | G25: なし | K25: なし
A26: 原材料（市外） | C26: 主要原材料（３つ） | N26: 製品の原材料の内、市外で生産された原材料をご入力ください。（価格順で3つ） ※市外原材料が3つ未満の場合、空欄になしをご入力ください。
C27: 古紙 | G27: なし | K27: なし
A28: 加工・製造工程（市内） | C28: 工程 | D28: 工程内容 | I28: 工場名 | L28: 住所 | N28: 加工・製造工程の内、市内で行われる工程の詳細をご入力ください。
C29: 1 | D29: 古紙溶解・洗浄 | I29: 富士トイレ株式会社 | L29: 富士市永田町▲▲▲
C30: 2 | D30: 原紙製造（抄紙・脱水・乾燥・巻き取り） | I30: 富士トイレ株式会社 | L30: 富士市永田町▲▲▲
C31: 3 | D31: 裁断加工（エンボス加工・巻き取り・裁断） | I31: 富士トイレ株式会社 | L31: 富士市永田町▲▲▲
C32: 4 | D32: 検品・包装 | I32: 富士トイレ株式会社 | L32: 富士市永田町▲▲▲
C33: 5 | D33: 品質管理 | I33: 富士トイレ株式会社 | L33: 富士市永田町▲▲▲
A34: 加工・製造工程（市外） | C34: 工程 | D34: 工程内容 | I34: 工場名 | L34: 住所 | N34: 加工・製造工程の内、市外で行われる工程の詳細をご入力ください。
C35: 1
C36: 2
C37: 3
C38: 4
C39: 5
A40: 保存方法 | C40: 選択 | D40: 常温 | N40: 【常温】、【冷蔵】、【冷凍】のいずれかをお選びください。
A41: 食品の場合、【消費期限/賞味期限】、【アレルギー表示】、【特定原材料9品目】、【特定原材料に準ずるもの20品目】を必ずご入力ください。（必須項目）
A42: 消費期限/賞味期限 | N42: 消費期限/賞味期限のいずれに該当するか、明記してください。 発送日(出荷日)を基準としてご入力ください。 また、セット品の場合は、すべての期限をご入力ください。
A43: アレルギー表示 | C43: 選択 | D43: アレルギー品目を記載しない(食品以外) | N43: アレルギー品目【あり】、【なし】、【食品以外】のいずれかをお選びください。
A44: 特定原材料8品目 | N44: 項目⑦で【あり】を選択した場合、対象品目をご入力ください。
A45: 特定原材料に準ずるもの20品目 | N45: 項目⑦で【あり】を選択した場合、対象品目をご入力ください。
A46: JANコード | C46: 0000000000-000-0 | N46: ※JANコードを取得していない場合、なしとご入力ください。
A48: ■提供価格
A49: 一般販売価格 (税込) | C49: 3300 | N49: ※ふるさと納税以外の販売を実施していない場合は、なしとご入力ください。
A50: 富士市への 提供価格 (税込) | C50: 2200 | N50: ふるさと納税における富士市への提供価格をご入力ください。 （こちらに入力いただいた金額をもとに、寄附額を設定いたします）
A51: 税区分 | C51: 選択 | D51: 内税 | N51: 【内税】または【非課税】をお選びください。
A52: 税率 | C52: 選択 | D52: 0.1 | N52: 項目⑫で【内税】を選択した場合、【8％】または【10％】をお選びください。 ※【非課税】を選択した場合は、入力不要です。
A54: ■市内での付加価値（原材料）
A55: 原材料 （市内） | B55: 原材料 | C55: =IF(C25="","",C25) -> 古紙 | F55: =IF(G25="","",G25) -> なし | I55: =IF(K25="","",K25) -> なし | L55: その他
B56: 産地 | C56: 富士市 | F56: 富士市 | I56: 富士市 | L56: 富士市
B57: 価格 | C57: 200 | N57: =SUM(C57:M57) -> 200
A58: 原材料 （市外） | B58: 原材料 | C58: =IF(C27="","",C27) -> 古紙 | F58: =IF(G27="","",G27) -> なし | I58: =IF(K27="","",K27) -> なし | L58: その他
B59: 産地
B60: 価格 | C60: 200 | N60: =SUM(C60:M60) -> 200
A62: ■市内での付加価値（加工・製造工程）
A63: 加工・製造工程 （市内） | B63: 工程 | C63: =IF(D29="","",D29) -> 古紙溶解・洗浄 | E63: =IF(D30="","",D30) -> 原紙製造（抄紙・脱水・乾燥・巻き取り） | G63: =IF(D31="","",D31) -> 裁断加工（エンボス加工・巻き取り・裁断） | I63: =IF(D32="","",D32) -> 検品・包装 | K63: =IF(D33="","",D33) -> 品質管理 | M63: その他
B64: 工場名 | C64: =IF(I29="","",I29) -> 富士トイレ株式会社 | E64: =IF(I30="","",I30) -> 富士トイレ株式会社 | G64: =IF(I31="","",I31) -> 富士トイレ株式会社 | I64: =IF(I32="","",I32) -> 富士トイレ株式会社 | K64: =IF(I33="","",I33) -> 富士トイレ株式会社
B65: 住所 | C65: =IF(L29="","",L29) -> 富士市永田町▲▲▲ | E65: =IF(L30="","",L30) -> 富士市永田町▲▲▲ | G65: =IF(L31="","",L31) -> 富士市永田町▲▲▲ | I65: =IF(L32="","",L32) -> 富士市永田町▲▲▲ | K65: =IF(L33="","",L33) -> 富士市永田町▲▲▲
B66: 価格 | C66: 500 | E66: 600 | G66: 400 | I66: 200 | K66: 100 | N66: =SUM(C66:M66) -> 1800
A67: 加工・製造工程 （市外） | B67: 工程 | C67: =IF(D35="","",D35) | E67: =IF(D36="","",D36) | G67: =IF(D37="","",D37) | I67: =IF(D38="","",D38) | K67: =IF(D39="","",D39) | M67: その他
B68: 工場名 | C68: =IF(K35="","",K35) | E68: =IF(K36="","",K36) | G68: =IF(K37="","",K37) | I68: =IF(K38="","",K38) | K68: =IF(K39="","",K39)
B69: 住所 | C69: =IF(L35="","",L35) | E69: =IF(L36="","",L36) | G69: =IF(L37="","",L37) | I69: =IF(L38="","",L38) | K69: =IF(L39="","",L39)
B70: 価格 | N70: =SUM(C70:M70) -> 0
C72: 市内 | G72: 市外 | K72: 合計金額 | M72: 提供価格に対する 割合 | N72: 提供価格
C73: 金額 | E73: 割合 | G73: 金額 | I73: 割合
A74: 原材料 | C74: =IF(N57="","",N57) -> 200 | E74: =C74/K74 -> 0.5 | G74: =IF(N60="","",N60) -> 200 | I74: =G74/K74 -> 0.5 | K74: =C74+G74 -> 400 | M74: =K74/N74 -> 0.18181818 | N74: =IF(C50="","",C50) -> 2200
A75: 加工・製造工程 | C75: =IF(N66="","",N66) -> 1800 | E75: =C75/K75 -> 1 | G75: =IF(N70="","",N70) -> 0 | I75: =G75/K75 -> 0 | K75: =C75+G75 -> 1800 | M75: =K75/N74 -> 0.81818182
A76: その他 | K76: =C76+G76 -> 0 | M76: =K76/N74 -> 0
A77: 合計 | C77: =SUM(C74:D76) -> 2000 | E77: =C77/N74 -> 0.90909091 | G77: =SUM(G74:H76) -> 200 | I77: =G77/N74 -> 0.090909091 | K77: =SUM(K74:L76) -> 2200 | M77: =SUM(M74:M76) -> 1
A79: ■配送情報
A80: 配送名称 | C80: 任意 | N80: ご希望がある場合のみ、伝票に記載の商品名をご入力ください。
A81: 配送方法 | C81: 選択 | D81: 宅急便 | N81: 【普通郵便】、【書留】、【レターパック】、【ゆうパケット】、【ゆうパック】、【ネコポス】、【宅急便】、【電子メール】のいずれかをお選びください。
A82: 配送種別 | C82: 選択 | D82: 常温 | N82: 項目⑮で【ゆうパック】、【宅配便】を選択した場合、【常温】、【冷蔵】、【冷凍】のいずれかをお選びください。
A83: 配送サイズ | C83: 120 | N83: 項目⑮で【ゆうパック】、【宅急便】を選択した場合、配送サイズをご入力ください。
A84: 送料 | C84: 選択 | D84: 地域別料金 | N84: 【固定料金】または【地域別料金】をお選びください。
A85: 送料（固定料金） (税込) | N85: 項目⑰で【固定料金】を選択した場合、金額をご入力ください。
A86: 送料（地域別料金） (税込) | C86: 2040 | N86: 項目⑰で【地域別料金】を選択した場合、関東送料の金額をご入力ください。
A87: 配送期日 | C87: 注文確認f後 | G87: 30 | K87: 日 程度で発送 | N87: 発注から発送までに必要な日数を、【7日】、【14日】、【21日】、【30日】、【45日】、【60日】からお選びください。
A88: 配送可能期間 | C88: 選択 | D88: 通年 | N88: 【通年】または【期間限定】をお選びください。
A89: 配送可能期間-開始日 | N89: 項目⑳で【期間限定】を選択した場合、開始日をご入力ください。 ※【通年】を選択した場合は、入力不要です。
A90: 配送可能期間-終了日 | N90: 項目⑳で【期間限定】を選択した場合、終了日をご入力ください。 ※【通年】を選択した場合は、入力不要です。
A91: 配送不可地域 | C91: ※寄附者様へは、【沖縄・離島配送不可】である旨をご案内しておりますが、実際にお申込みがあった場合には、配送を依頼させていただきます。 | N91: 配送不可地域がある場合、対象地域をご入力ください。 ※全国発送可能な場合は、なしとご入力ください。
C92: 沖縄・離島
A94: ■受注情報
A95: 申込受付可能期間 | C95: 選択 | D95: 通年 | N95: 【通年】または【期間限定】をお選びください。
A96: 申込受付可能期間 開始日 | N96: 項目㉔で【期間限定】を選択した場合、開始日をご入力ください。 ※【通年】を選択した場合は、入力不要です。
A97: 申込受付可能期間 終了日 | N97: 項目㉔で【期間限定】を選択した場合、終了日をご入力ください。 ※【通年】を選択した場合は、入力不要です。
A98: 提供可能在庫数 | C98: 無制限 | N98: ※在庫数に上限がない場合は、無制限とご入力ください。
A100: ■注意事項・特記事項
A101: 注意事項 | C101: ※沖縄および離島へのお届けはできません。 | N101: 製品・配送に関する注意事項をご入力ください。 （寄附者向け）
A102: 特記事項 | C102: 任意 | N102: その他特記事項について、ご入力ください。 （事務局・配送事業者向け）
A104: ■その他関連事業者
A105: 関連業務内容 | C105: 会社名 | H105: 所在地 | N105: 電話番号

Sheet 類型7
A1: 返礼品登録シート【地場産品 類型7号】 ＜飲食・体験・レジャーなどの役務＞ ※1返礼品につき、1枚ご提出ください。寄附後の流れについて、事務局よりヒアリングさせていただきます。 | N1: 提出日 | P1: 年 | R1: 月 | T1: 日
A3: 返礼品名 | N3: 25文字程度でご入力ください。 | T3: =LEN(C3) -> 0
A5: ■返礼品提供事業者情報
A6: 会社名 | I6: 担当者名
A7: 住所 | C7: 〒 ‐
A8: 電話番号 | I8: メールアドレス
A9: 消費税納税義務 | C9: 選択 | I9: 課税事業者登録番号
A11: ■返礼品情報
A12: 役務提供者 | C12: 会社名 提供者名
C13: 住所
C14: 電話番号
C15: 消費税 納税義務 | D15: 選択 | I15: 課税事業者 登録番号
A16: キャッチコピー
A17: 商品説明文 | N17: 商品の説明文をご入力ください。 （こだわり、おすすめポイント、体験談など）
A18: 商品概要 | N18: 市内で行われる役務の内容の詳細をご入力ください。 （数量、セット内容、送迎の有無、持ち物等）
A19: 役務提供場所 | N19: 実際に役務が提供される住所を、すべてご入力ください。
A20: 役務内容の独自性 | N20: 市外では代替できない内容、独自性をご入力ください。
A21: 使用期限 | N21: ※使用期限がない場合、なしとご入力ください。
A22: JANコード | N22: ※JANコードを取得していない場合、なしとご入力ください。
A24: ■提供価格
A25: 一般販売価格 (税込) | N25: ※ふるさと納税以外の販売を実施していない場合は、なしとご入力ください。
A26: 富士市への 提供価格 (税込) | N26: ふるさと納税における富士市への提供価格をご入力ください。 （こちらに入力いただいた金額をもとに、寄附額を設定いたします）
A27: 税区分 | C27: 選択 | N27: 【内税】または【非課税】をお選びください。
A28: 税率 | C28: 選択 | N28: 項目⑫で【内税】を選択した場合、【8％】または【10％】をお選びください。 ※【非課税】を選択した場合は、入力不要です。
A30: ■配送情報
A31: 配送の有無 | C31: 選択 | N31: チケット・申込書等、寄附者様へ送付物がある場合、【有】をお選びください。 ※メール、電話連絡のみの場合、【無】をお選びください。
A32: 配送【有】を選択した場合、下記の項目をご入力ください。
A33: 配送名称 | C33: 任意 | N33: ご希望がある場合のみ、伝票に記載の商品名をご入力ください。
A34: 配送方法 | C34: 選択 | N34: 【普通郵便】、【書留】、【レターパック】、【ゆうパケット】、【ゆうパック】、【ネコポス】、【宅急便】、【電子メール】のいずれかをお選びください。
A35: 配送種別 | C35: 選択 | N35: 項目⑮で【ゆうパック】、【宅配便】を選択した場合、【常温】、【冷蔵】、【冷凍】のいずれかをお選びください。
A36: 配送サイズ | N36: 項目⑮で【ゆうパック】、【宅急便】を選択した場合、配送サイズをご入力ください。
A37: 送料 | C37: 選択 | N37: 【固定料金】または【地域別料金】をお選びください。
A38: 送料（固定料金） (税込) | N38: 項目⑰で【固定料金】を選択した場合、金額をご入力ください。
A39: 送料（地域別料金） (税込) | N39: 項目⑰で【地域別料金】を選択した場合、関東送料の金額をご入力ください。
A40: 配送期日 | C40: 注文確認f後 | K40: 日 程度で発送 | N40: 発注から発送までに必要な日数を、【7日】、【14日】、【21日】、【30日】、【45日】、【60日】からお選びください。
A41: 配送可能期間 | C41: 選択 | N41: 【通年】または【期間限定】をお選びください。
A42: 配送可能期間-開始日 | N42: 項目⑳で【期間限定】を選択した場合、開始日をご入力ください。 ※【通年】を選択した場合は、入力不要です。
A43: 配送可能期間-終了日 | N43: 項目⑳で【期間限定】を選択した場合、終了日をご入力ください。 ※【通年】を選択した場合は、入力不要です。
A44: 配送不可地域 | C44: ※寄附者様へは、【沖縄・離島配送不可】である旨をご案内しておりますが、実際にお申込みがあった場合には、配送を依頼させていただきます。 | N44: 配送不可地域がある場合、対象地域をご入力ください。 ※全国発送可能な場合は、なしとご入力ください。
A47: ■受注情報
A48: 申込受付可能期間 | C48: 選択 | N48: 【通年】または【期間限定】をお選びください。
A49: 申込受付可能期間 開始日 | N49: 項目㉔で【期間限定】を選択した場合、開始日をご入力ください。 ※【通年】を選択した場合は、入力不要です。
A50: 申込受付可能期間 終了日 | N50: 項目㉔で【期間限定】を選択した場合、終了日をご入力ください。 ※【通年】を選択した場合は、入力不要です。
A51: 提供可能在庫数 | N51: ※在庫数に上限がない場合は、無制限とご入力ください。
A53: ■注意事項・特記事項
A54: 注意事項 | N54: 役務・配送に関する注意事項をご入力ください。 （寄附者向け）
A55: 特記事項 | C55: 任意 | N55: その他特記事項について、ご入力ください。 （事務局・配送事業者向け）
A57: ■その他関連事業者
A58: 関連業務内容 | C58: 会社名 | H58: 所在地 | N58: 電話番号

Sheet 見本-7
A1: 返礼品登録シート【地場産品 類型7号】 ＜飲食・体験・レジャーなどの役務＞ ※1返礼品につき、1枚ご提出ください。寄附後の流れについて、事務局よりヒアリングさせていただきます。 | N1: 提出日 | O1: 2026 | P1: 年 | Q1: 8 | R1: 月 | S1: 31 | T1: 日
A3: 返礼品名 | C3: 茶摘み体験（～コース） 2名様 | N3: 25文字程度でご入力ください。 | T3: =LEN(C3) -> 15
A5: ■返礼品提供事業者情報
A6: 会社名 | C6: ふるさと納税株式会社 | I6: 担当者名 | K6: ▲▲ ▲▲
A7: 住所 | C7: 〒▲▲▲‐▲▲▲▲ | E7: 富士市永田町▲▲▲
A8: 電話番号 | C8: 0545-▲▲-▲▲▲▲ | I8: メールアドレス | K8: ▲▲▲@▲▲▲▲.co.jp
A9: 消費税納税義務 | C9: 選択 | D9: 課税事業者 | I9: 課税事業者登録番号 | K9: T(13桁)
A11: ■返礼品情報
A12: 役務提供者 | C12: 会社名 提供者名 | D12: ふるさと納税株式会社
C13: 住所 | D13: 富士市永田町▲▲▲
C14: 電話番号 | D14: 0545-▲▲-▲▲▲▲
C15: 消費税 納税義務 | D15: 選択 | E15: 課税事業者 | I15: 課税事業者 登録番号 | J15: T(13桁)
A16: キャッチコピー | C16: 富士山の麓で茶摘み体験！
A17: 商品説明文 | C17: 富士市の茶畑●●●で茶摘み体験を行うことができます。 （女性は茶娘衣装を着用可能） ●●●は、茶畑越しに富士山を望めるスポットです。 茶摘み後には、富士市産の緑茶とほうじ茶を、お茶菓子と一緒にお召し上がりいただけます。 | N17: 商品の説明文をご入力ください。 （こだわり、おすすめポイント、体験談など）
A18: 商品概要 | C18: 【人数】2名 【内容】茶摘み体験 【セット内容】茶摘み体験、茶屋での緑茶・ほうじ茶各1杯（地元銘菓のお茶菓子付き） 【送迎】なし 【持ち物】なし | N18: 市内で行われる役務の内容の詳細をご入力ください。 （数量、セット内容、送迎の有無、持ち物等）
A19: 役務提供場所 | C19: 富士市●●● | N19: 実際に役務が提供される住所を、すべてご入力ください。
A20: 役務内容の独自性 | C20: 富士山を間近に見ながら茶摘みができる。富士市産のやぶ北茶とほうじ茶を飲むことができる。 | N20: 市外では代替できない内容、独自性をご入力ください。
A21: 使用期限 | C21: 茶摘み時期（4月中旬～5月下旬） | N21: ※使用期限がない場合、なしとご入力ください。
A22: JANコード | C22: なし | N22: ※JANコードを取得していない場合、なしとご入力ください。
A24: ■提供価格
A25: 一般販売価格 (税込) | C25: なし | N25: ※ふるさと納税以外の販売を実施していない場合は、なしとご入力ください。
A26: 富士市への 提供価格 (税込) | C26: 10000 | N26: ふるさと納税における富士市への提供価格をご入力ください。 （こちらに入力いただいた金額をもとに、寄附額を設定いたします）
A27: 税区分 | C27: 選択 | D27: 内税 | N27: 【内税】または【非課税】をお選びください。
A28: 税率 | C28: 選択 | D28: 0.1 | N28: 項目⑫で【内税】を選択した場合、【8％】または【10％】をお選びください。 ※【非課税】を選択した場合は、入力不要です。
A30: ■配送情報
A31: 配送の有無 | C31: 選択 | D31: 有 | N31: チケット・申込書等、寄附者様へ送付物がある場合、【有】をお選びください。 ※メール、電話連絡のみの場合、【無】をお選びください。
A32: 配送【有】を選択した場合、下記の項目をご入力ください。
A33: 配送名称 | C33: 任意 | N33: ご希望がある場合のみ、伝票に記載の商品名をご入力ください。
A34: 配送方法 | C34: 選択 | D34: 書留 | N34: 【普通郵便】、【書留】、【レターパック】、【ゆうパケット】、【ゆうパック】、【ネコポス】、【宅急便】、【電子メール】のいずれかをお選びください。
A35: 配送種別 | C35: 選択 | D35: 常温 | N35: 項目⑮で【ゆうパック】、【宅配便】を選択した場合、【常温】、【冷蔵】、【冷凍】のいずれかをお選びください。
A36: 配送サイズ | N36: 項目⑮で【ゆうパック】、【宅急便】を選択した場合、配送サイズをご入力ください。
A37: 送料 | C37: 選択 | D37: 固定料金 | N37: 【固定料金】または【地域別料金】をお選びください。
A38: 送料（固定料金） (税込) | C38: 460 | N38: 項目⑰で【固定料金】を選択した場合、金額をご入力ください。
A39: 送料（地域別料金） (税込) | N39: 項目⑰で【地域別料金】を選択した場合、関東送料の金額をご入力ください。
A40: 配送期日 | C40: 注文確認f後 | G40: 14 | K40: 日 程度で発送 | N40: 発注から発送までに必要な日数を、【7日】、【14日】、【21日】、【30日】、【45日】、【60日】からお選びください。
A41: 配送可能期間 | C41: 選択 | D41: 期間限定 | N41: 【通年】または【期間限定】をお選びください。
A42: 配送可能期間-開始日 | C42: 46082 | N42: 項目⑳で【期間限定】を選択した場合、開始日をご入力ください。 ※【通年】を選択した場合は、入力不要です。
A43: 配送可能期間-終了日 | C43: 46142 | N43: 項目⑳で【期間限定】を選択した場合、終了日をご入力ください。 ※【通年】を選択した場合は、入力不要です。
A44: 配送不可地域 | C44: ※寄附者様へは、【沖縄・離島配送不可】である旨をご案内しておりますが、実際にお申込みがあった場合には、配送を依頼させていただきます。 | N44: 配送不可地域がある場合、対象地域をご入力ください。 ※全国発送可能な場合は、なしとご入力ください。
C45: なし
A47: ■受注情報
A48: 申込受付可能期間 | C48: 選択 | D48: 期間限定 | N48: 【通年】または【期間限定】をお選びください。
A49: 申込受付可能期間 開始日 | C49: 46082 | N49: 項目㉔で【期間限定】を選択した場合、開始日をご入力ください。 ※【通年】を選択した場合は、入力不要です。
A50: 申込受付可能期間 終了日 | C50: 46142 | N50: 項目㉔で【期間限定】を選択した場合、終了日をご入力ください。 ※【通年】を選択した場合は、入力不要です。
A51: 提供可能在庫数 | C51: 10（20名分） | N51: ※在庫数に上限がない場合は、無制限とご入力ください。
A53: ■注意事項・特記事項
A54: 注意事項 | C54: 茶摘みで衣服や靴が汚れる可能性がございます。 茶摘み体験は、長袖、長ズボン、スニーカーを着用してください。（着替えスペースあり） | N54: 役務・配送に関する注意事項をご入力ください。 （寄附者向け）
A55: 特記事項 | C55: 任意 | D55: 茶摘みの日付は、年によって変動する可能性があります。 | N55: その他特記事項について、ご入力ください。 （事務局・配送事業者向け）
A57: ■その他関連事業者
A58: 関連業務内容 | C58: 会社名 | H58: 所在地 | N58: 電話番号

Sheet 類型7の2
A1: 返礼品登録シート【地場産品 類型7号の2】 ＜宿泊（全国展開のチェーン店を除く）＞ ※1返礼品につき、1枚ご提出ください。寄附後の流れについて、事務局よりヒアリングさせていただきます。 | N1: 提出日 | P1: 年 | R1: 月 | T1: 日
A3: 返礼品名 | N3: 25文字程度でご入力ください。 | T3: =LEN(C3) -> 0
A5: ■返礼品提供事業者情報
A6: 会社名 | I6: 担当者名
A7: 住所 | C7: 〒 ‐
A8: 電話番号 | I8: メールアドレス
A9: 消費税納税義務 | C9: 選択 | I9: 課税事業者登録番号
A11: ■返礼品情報
A12: 役務提供者 | C12: 会社名 提供者名
C13: 住所
C14: 電話番号
C15: 消費税 納税義務 | D15: 選択 | I15: 課税事業者 登録番号
A16: キャッチコピー
A17: 商品説明文 | N17: 商品の説明文をご入力ください。 （こだわり、おすすめポイントなど）
A18: 商品概要 | N18: 市内で行われる役務の内容の詳細をご入力ください。 （数量、部屋タイプ、セット内容、送迎の有無、持ち物等）
A19: 役務提供場所 | N19: 実際に役務が提供される住所を、すべてご入力ください。
A20: 役務内容の独自性 | N20: 市外では代替できない内容、独自性をご入力ください。
A21: 使用期限 | N21: ※使用期限がない場合、なしとご入力ください。
A22: JANコード | N22: ※JANコードを取得していない場合、なしとご入力ください。
A24: ■提供価格
A25: 一般販売価格 (税込) | N25: ※ふるさと納税以外の販売を実施していない場合は、なしとご入力ください。
A26: 富士市への 提供価格 (税込) | N26: ふるさと納税における富士市への提供価格をご入力ください。 （こちらに入力いただいた金額をもとに、寄附額を設定いたします）
A27: 1泊1人当たりの価格 （税込） | N27: ※富士市への提供価格と同じ場合、同額とご入力ください。
A28: 税区分 | C28: 選択 | N28: 【内税】または【非課税】をお選びください。
A29: 税率 | C29: 選択 | N29: 項目⑫で【内税】を選択した場合、【8％】または【10％】をお選びください。 ※【非課税】を選択した場合は、入力不要です。
A31: ■配送情報
A32: 配送の有無 | C32: 選択 | N32: チケット・申込書等、寄附者様へ送付物がある場合、【有】をお選びください。 ※メール、電話連絡のみの場合、【無】をお選びください。
A33: 配送【有】を選択した場合、下記の項目をご入力ください。
A34: 配送名称 | C34: 任意 | N34: ご希望がある場合のみ、伝票に記載の商品名をご入力ください。
A35: 配送方法 | C35: 選択 | N35: 【普通郵便】、【書留】、【レターパック】、【ゆうパケット】、【ゆうパック】、【ネコポス】、【宅急便】、【電子メール】のいずれかをお選びください。
A36: 配送種別 | C36: 選択 | N36: 項目⑮で【ゆうパック】、【宅配便】を選択した場合、【常温】、【冷蔵】、【冷凍】のいずれかをお選びください。
A37: 配送サイズ | N37: 項目⑮で【ゆうパック】、【宅急便】を選択した場合、配送サイズをご入力ください。
A38: 送料 | C38: 選択 | N38: 【固定料金】または【地域別料金】をお選びください。
A39: 送料（固定料金） (税込) | N39: 項目⑰で【固定料金】を選択した場合、金額をご入力ください。
A40: 送料（地域別料金） (税込) | N40: 項目⑰で【地域別料金】を選択した場合、関東送料の金額をご入力ください。
A41: 配送期日 | C41: 注文確認f後 | K41: 日 程度で発送 | N41: 発注から発送までに必要な日数を、【7日】、【14日】、【21日】、【30日】、【45日】、【60日】からお選びください。
A42: 配送可能期間 | C42: 選択 | N42: 【通年】または【期間限定】をお選びください。
A43: 配送可能期間-開始日 | N43: 項目⑳で【期間限定】を選択した場合、開始日をご入力ください。 ※【通年】を選択した場合は、入力不要です。
A44: 配送可能期間-終了日 | N44: 項目⑳で【期間限定】を選択した場合、終了日をご入力ください。 ※【通年】を選択した場合は、入力不要です。
A45: 配送不可地域 | C45: ※寄附者様へは、【沖縄・離島配送不可】である旨をご案内しておりますが、実際にお申込みがあった場合には、配送を依頼させていただきます。 | N45: 配送不可地域がある場合、対象地域をご入力ください。 ※全国発送可能な場合は、なしとご入力ください。
A48: ■受注情報
A49: 申込受付可能期間 | C49: 選択 | N49: 【通年】または【期間限定】をお選びください。
A50: 申込受付可能期間 開始日 | N50: 項目㉔で【期間限定】を選択した場合、開始日をご入力ください。 ※【通年】を選択した場合は、入力不要です。
A51: 申込受付可能期間 終了日 | N51: 項目㉔で【期間限定】を選択した場合、終了日をご入力ください。 ※【通年】を選択した場合は、入力不要です。
A52: 提供可能在庫数 | N52: ※在庫数に上限がない場合は、無制限とご入力ください。
A54: ■注意事項・特記事項
A55: 注意事項 | N55: 役務・配送に関する注意事項をご入力ください。 （寄附者向け）
A56: 特記事項 | C56: 任意 | N56: その他特記事項について、ご入力ください。 （事務局・配送事業者向け）
A58: ■その他関連事業者
A59: 関連業務内容 | C59: 会社名 | H59: 所在地 | N59: 電話番号

Sheet 見本-7の2
A1: 返礼品登録シート【地場産品 類型7号の2】 ＜宿泊（全国展開のチェーン店を除く）＞ ※1返礼品につき、1枚ご提出ください。寄附後の流れについて、事務局よりヒアリングさせていただきます。 | N1: 提出日 | O1: 2026 | P1: 年 | Q1: 8 | R1: 月 | S1: 31 | T1: 日
A3: 返礼品名 | C3: ●●●ホテル 1泊2名様（1部屋） | N3: 25文字程度でご入力ください。 | T3: =LEN(C3) -> 17
A5: ■返礼品提供事業者情報
A6: 会社名 | C6: ふるさと納税株式会社 | I6: 担当者名 | K6: ▲▲ ▲▲
A7: 住所 | C7: 〒▲▲▲‐▲▲▲▲ | E7: 富士市永田町▲▲▲
A8: 電話番号 | C8: 0545-▲▲-▲▲▲▲ | I8: メールアドレス | K8: ▲▲▲@▲▲▲▲.co.jp
A9: 消費税納税義務 | C9: 選択 | D9: 課税事業者 | I9: 課税事業者登録番号 | K9: T(13桁)
A11: ■返礼品情報
A12: 役務提供者 | C12: 会社名 提供者名 | D12: ふるさと納税株式会社
C13: 住所 | D13: 富士市永田町▲▲▲
C14: 電話番号 | D14: 0545-▲▲-▲▲▲▲
C15: 消費税 納税義務 | D15: 選択 | E15: 課税事業者 | I15: 課税事業者 登録番号 | J15: T(13桁)
A16: キャッチコピー | C16: 南に駿河湾、北に富士山、朝食は田子の浦しらす！
A17: 商品説明文 | C17: 部屋の窓（南向き）からは駿河湾が一望でき、朝食会場の窓（北向き）からは富士山が一望できます。 朝食のビュッフェには田子の浦しらす（釜揚げしらす）を使用したメニューを多数ご用意しております。 漁期には、獲れたての生シラスが並ぶこともありますよ。 全室マットレスは●●●を使用しています。富士登山前後のご宿泊にもおすすめです。 | N17: 商品の説明文をご入力ください。 （こだわり、おすすめポイントなど）
A18: 商品概要 | C18: 【数量】1泊2名様×1部屋 【部屋タイプ】ツインルーム 【セット内容】宿泊代、朝食ビュッフェ2名様、大浴場使用可能 【送迎】富士駅、新富士駅への送迎有 | N18: 市内で行われる役務の内容の詳細をご入力ください。 （数量、部屋タイプ、セット内容、送迎の有無、持ち物等）
A19: 役務提供場所 | C19: 富士市永田町▲▲▲ | N19: 実際に役務が提供される住所を、すべてご入力ください。
A20: 役務内容の独自性 | C20: 駿河湾と富士山が一望できる。田子の浦しらす（釜揚げ・生シラス）を食べることができる。 | N20: 市外では代替できない内容、独自性をご入力ください。
A21: 使用期限 | C21: 取得から6か月 | N21: ※使用期限がない場合、なしとご入力ください。
A22: JANコード | C22: なし | N22: ※JANコードを取得していない場合、なしとご入力ください。
A24: ■提供価格
A25: 一般販売価格 (税込) | C25: 15000 | N25: ※ふるさと納税以外の販売を実施していない場合は、なしとご入力ください。
A26: 富士市への 提供価格 (税込) | C26: 15000 | N26: ふるさと納税における富士市への提供価格をご入力ください。 （こちらに入力いただいた金額をもとに、寄附額を設定いたします）
A27: 1泊1人当たりの価格 （税込） | C27: 7500 | N27: ※富士市への提供価格と同じ場合、同額とご入力ください。
A28: 税区分 | C28: 選択 | D28: 内税 | N28: 【内税】または【非課税】をお選びください。
A29: 税率 | C29: 選択 | D29: 0.1 | N29: 項目⑫で【内税】を選択した場合、【8％】または【10％】をお選びください。 ※【非課税】を選択した場合は、入力不要です。
A31: ■配送情報
A32: 配送の有無 | C32: 選択 | D32: 無 | N32: チケット・申込書等、寄附者様へ送付物がある場合、【有】をお選びください。 ※メール、電話連絡のみの場合、【無】をお選びください。
A33: 配送【有】を選択した場合、下記の項目をご入力ください。
A34: 配送名称 | C34: 任意 | N34: ご希望がある場合のみ、伝票に記載の商品名をご入力ください。
A35: 配送方法 | C35: 選択 | N35: 【普通郵便】、【書留】、【レターパック】、【ゆうパケット】、【ゆうパック】、【ネコポス】、【宅急便】、【電子メール】のいずれかをお選びください。
A36: 配送種別 | C36: 選択 | N36: 項目⑮で【ゆうパック】、【宅配便】を選択した場合、【常温】、【冷蔵】、【冷凍】のいずれかをお選びください。
A37: 配送サイズ | N37: 項目⑮で【ゆうパック】、【宅急便】を選択した場合、配送サイズをご入力ください。
A38: 送料 | C38: 選択 | N38: 【固定料金】または【地域別料金】をお選びください。
A39: 送料（固定料金） (税込) | N39: 項目⑰で【固定料金】を選択した場合、金額をご入力ください。
A40: 送料（地域別料金） (税込) | N40: 項目⑰で【地域別料金】を選択した場合、関東送料の金額をご入力ください。
A41: 配送期日 | C41: 注文確認f後 | K41: 日 程度で発送 | N41: 発注から発送までに必要な日数を、【7日】、【14日】、【21日】、【30日】、【45日】、【60日】からお選びください。
A42: 配送可能期間 | C42: 選択 | N42: 【通年】または【期間限定】をお選びください。
A43: 配送可能期間-開始日 | N43: 項目⑳で【期間限定】を選択した場合、開始日をご入力ください。 ※【通年】を選択した場合は、入力不要です。
A44: 配送可能期間-終了日 | N44: 項目⑳で【期間限定】を選択した場合、終了日をご入力ください。 ※【通年】を選択した場合は、入力不要です。
A45: 配送不可地域 | C45: ※寄附者様へは、【沖縄・離島配送不可】である旨をご案内しておりますが、実際にお申込みがあった場合には、配送を依頼させていただきます。 | N45: 配送不可地域がある場合、対象地域をご入力ください。 ※全国発送可能な場合は、なしとご入力ください。
C46: なし
A48: ■受注情報
A49: 申込受付可能期間 | C49: 選択 | D49: 通年 | N49: 【通年】または【期間限定】をお選びください。
A50: 申込受付可能期間 開始日 | N50: 項目㉔で【期間限定】を選択した場合、開始日をご入力ください。 ※【通年】を選択した場合は、入力不要です。
A51: 申込受付可能期間 終了日 | N51: 項目㉔で【期間限定】を選択した場合、終了日をご入力ください。 ※【通年】を選択した場合は、入力不要です。
A52: 提供可能在庫数 | C52: 無制限 | N52: ※在庫数に上限がない場合は、無制限とご入力ください。
A54: ■注意事項・特記事項
A55: 注意事項 | C55: 満室によりご予約が取りづらくなる場合がございます。ご予約はお早めにご検討ください。 セット内容に含まれていないサービスについては、不足分をご精算いただきます。 | N55: 役務・配送に関する注意事項をご入力ください。 （寄附者向け）
A56: 特記事項 | C56: 任意 | N56: その他特記事項について、ご入力ください。 （事務局・配送事業者向け）
A58: ■その他関連事業者
A59: 関連業務内容 | C59: 会社名 | H59: 所在地 | N59: 電話番号

Sheet 事務局-1
A1: 謝礼品番号
A2: 取扱年度
A3: 謝礼品名 | B3: =IF(類型1!C3="","",類型1!C3)
A4: 謝礼品名カナ | B4: =IF(類型1!D12="","",類型1!D12)
A5: 配送名称 | B5: =IF(類型1!D36="","",類型1!D36)
A6: 特設サイト名称
A7: ふるさとチョイス名称
A8: エフレジ名称
A9: 楽天名称
A10: ANA名称
A11: 東急名称
A12: Amazon名称
A13: 事業者 | B13: =IF(類型1!C6="","",類型1!C6)
A14: 謝礼品カテゴリー
A15: セット内容 | B15: =IF(類型1!C18="","",類型1!C18)
A16: 謝礼品紹介文 | B16: =IF(類型1!C17="","",類型1!C17)
A17: ステータス
A18: 表示設定
A19: 寄附設定金額
A20: 価格（税込み） | B20: =IF(類型1!C31="","",類型1!C31)
A21: 税区分 | B21: =IF(類型1!D32="","",類型1!D32)
A22: 税率 | B22: =IF(類型1!D33="","",類型1!D33)
A23: その他経費
A24: 送料 | B24: =IF(類型1!C41="","",類型1!C41) | C24: =IF(類型1!C42="","",類型1!C42)
A25: 送料反映
A26: 発送方法 | B26: =IF(類型1!D38="","",類型1!D38)
A27: 取り扱い方法
A28: Amazon配送
A29: 申込可能期間 | B29: =IF(類型1!D51="","",類型1!D51)
A30: 申込可能期間（開始日） | B30: =IF(類型1!D52="","",類型1!D52)
A31: 申込可能期間（終了日） | B31: =IF(類型1!D53="","",類型1!D53)
A32: 申込可能期間（自由入力欄）
A33: 申込可能期間アラート通知先
A34: 数量限定 | B34: =IF(類型1!D54="","",類型1!D54)
A35: 自由入力欄1 | B35: =IF(類型1!G43="","",類型1!G43) | D35: （発送期日）
A36: 自由入力欄2
A37: 自由入力欄3
A38: 自由入力欄4
A39: その他名称1
A40: その他名称2
A41: その他名称3
A42: その他名称4
A43: その他名称5
A44: Youtube URL
A45: 配達日時指定
A46: 配達日時指定メモ
A47: 配送指定リードタイム
... A49: 出荷依頼操作期間（終了日）
A50: 配送サイズ | B50: =IF(類型1!C39="","",類型1!C39)
A51: 配送サイズコード
A52: 自動出荷依頼予約（種別）
A53: 自動出荷依頼予約（値1）
A54: 自動出荷依頼予約（値2）
A55: 保存方法 | B55: =IF(類型1!D21="","",類型1!D21)
A56: 消費期限/賞味期限 | B56: =IF(類型1!C23="","",類型1!C23)
A57: 配送可能期間 | B57: =IF(類型1!D44="","",類型1!D44)
A58: 配送可能期間（開始日） | B58: =IF(類型1!C45="","",類型1!C45)
A59: 配送可能期間（終了日） | B59: =IF(類型1!C46="","",類型1!C46)
A60: 配送可能期間（自由入力欄）
A61: 配送不可地域 | B61: =IF(類型1!C48="","",類型1!C48)
A62: 配送業者名
A63: 包装対応
A64: のし対応
A65: のし対応メモ
A66: 注意事項 | B66: =IF(類型1!C57="","",類型1!C57)
A67: 事業者名（ポータル掲載名）
A68: 事業者URL
A69: 商品URL
A70: ホームページ記入内容・画像の転用可否
A71: 生産者の声
A72: キャッチコピー | B72: =IF(類型1!C16="","",類型1!C16)
A73: 商品管理番号（事業者）
A74: JANコード | B74: =IF(類型1!C27="","",類型1!C27)
A75: 一般販売価格(税込) | B75: =IF(類型1!C30="","",類型1!C30)
A76: 区域外発生費用(税込)
A77: 算出方法
A78: 算出方法(詳細)
A79: 総重量
A80: 産地 | B80: 富士市
A81: 製造地・加工地
A82: 製造工程
A83: Amazon 出品有無
A84: Amazon ASIN番号
A85: Amazon 商品登録名
A86: 地場産品類型 | B86: 1号
A87: 回答欄Ａ
A88: 回答欄Ｂ
A89: 回答欄Ｃ
A90: 今年の通し番号
A91: 前年の通し番号
A92: 過去の提出状況
A93: 返礼品提供
A94: アレルギー表示 | B94: =IF(類型1!D24="","",類型1!D24)
A95: 特定原材料9品目 | B95: =IF(類型1!C25="","",類型1!C25)
A96: 特定原材料に準ずるもの20品目 | B96: =IF(類型1!C26="","",類型1!C26)
A97: アレルギー表示特記事項
A98: 謝礼品登録日

Sheet 事務局-2
A1: 謝礼品番号
A2: 取扱年度
A3: 謝礼品名 | B3: =IF(類型2!C3="","",類型2!C3)
A4: 謝礼品名カナ | B4: =IF(類型2!D16="","",類型2!D16)
A5: 配送名称 | B5: =IF(類型2!D79="","",類型2!D79)
A6: 特設サイト名称
A7: ふるさとチョイス名称
A8: エフレジ名称
A9: 楽天名称
A10: ANA名称
A11: 東急名称
A12: Amazon名称
A13: 事業者 | B13: =IF(類型2!C10="","",類型2!C10)
A14: 謝礼品カテゴリー
A15: セット内容 | B15: =IF(類型2!C22="","",類型2!C22)
A16: 謝礼品紹介文 | B16: =IF(類型2!C21="","",類型2!C21)
A17: ステータス
A18: 表示設定
A19: 寄附設定金額
A20: 価格（税込み） | B20: =IF(類型2!C49="","",類型2!C49)
A21: 税区分 | B21: =IF(類型2!D50="","",類型2!D50)
A22: 税率 | B22: =IF(類型2!D51="","",類型2!D51)
A23: その他経費
A24: 送料 | B24: =IF(類型2!C84="","",類型2!C84) | C24: =IF(類型2!C85="","",類型2!C85)
A25: 送料反映
A26: 発送方法 | B26: =IF(類型2!D81="","",類型2!D81)
A27: 取り扱い方法
A28: Amazon配送
A29: 申込可能期間 | B29: =IF(類型2!D87="","",類型2!D87)
A30: 申込可能期間（開始日） | B30: =IF(類型2!C88="","",類型2!C88)
A31: 申込可能期間（終了日） | B31: =IF(類型2!C89="","",類型2!C89)
A32: 申込可能期間（自由入力欄）
A33: 申込可能期間アラート通知先
A34: 数量限定 | B34: =IF(類型2!C97="","",類型2!C97)
A35: 自由入力欄1 | B35: =IF(類型2!G86="","",類型2!G86) | D35: （発送期日）
A36: 自由入力欄2
A37: 自由入力欄3
A38: 自由入力欄4
A39: その他名称1
A40: その他名称2
A41: その他名称3
A42: その他名称4
A43: その他名称5
A44: Youtube URL
A45: 配達日時指定
A46: 配達日時指定メモ
A47: 配送指定リードタイム
... A49: 出荷依頼操作期間（終了日）
A50: 配送サイズ | B50: =IF(類型2!C82="","",類型2!C82)
A51: 配送サイズコード
A52: 自動出荷依頼予約（種別）
A53: 自動出荷依頼予約（値1）
A54: 自動出荷依頼予約（値2）
A55: 保存方法 | B55: =IF(類型2!D39="","",類型2!D39)
A56: 消費期限/賞味期限 | B56: =IF(類型2!C41="","",類型2!C41)
A57: 配送可能期間 | B57: =IF(類型2!D87="","",類型2!D87)
A58: 配送可能期間（開始日） | B58: =IF(類型2!C88="","",類型2!C88)
A59: 配送可能期間（終了日） | B59: =IF(類型2!C89="","",類型2!C89)
A60: 配送可能期間（自由入力欄）
A61: 配送不可地域 | B61: =IF(類型2!C91="","",類型2!C91)
A62: 配送業者名
A63: 包装対応
A64: のし対応
A65: のし対応メモ
A66: 注意事項 | B66: =IF(類型2!C100="","",類型2!C100)
A67: 事業者名（ポータル掲載名）
A68: 事業者URL
A69: 商品URL
A70: ホームページ記入内容・画像の転用可否
A71: 生産者の声
A72: キャッチコピー | B72: =IF(類型2!C20="","",類型2!C20)
A73: 商品管理番号（事業者）
A74: JANコード | B74: =IF(類型2!C45="","",類型2!C45)
A75: 一般販売価格(税込) | B75: =IF(類型1!C49="","",類型1!C49)
A76: 区域外発生費用(税込)
A77: 算出方法
A78: 算出方法(詳細)
A79: 総重量
A80: 産地 | B80: 富士市
A81: 製造地・加工地
A82: 製造工程
A83: Amazon 出品有無
A84: Amazon ASIN番号
A85: Amazon 商品登録名
A86: 地場産品類型 | B86: 2号
A87: 回答欄Ａ
A88: 回答欄Ｂ
A89: 回答欄Ｃ
A90: 今年の通し番号
A91: 前年の通し番号
A92: 過去の提出状況
A93: 返礼品提供
A94: アレルギー表示 | B94: =IF(類型2!D42="","",類型2!D42)
A95: 特定原材料9品目 | B95: =IF(類型2!C43="","",類型2!C43)
A96: 特定原材料に準ずるもの20品目 | B96: =IF(類型2!C44="","",類型2!C44)
A97: アレルギー表示特記事項
A98: 謝礼品登録日

Sheet 事務局-3
A1: 謝礼品番号
A2: 取扱年度
A3: 謝礼品名 | B3: =IF(類型3!C3="","",類型3!C3)
A4: 謝礼品名カナ | B4: =IF(類型3!D16="","",類型3!D16)
A5: 配送名称 | B5: =IF(類型3!D79="","",類型3!D79)
A6: 特設サイト名称
A7: ふるさとチョイス名称
A8: エフレジ名称
A9: 楽天名称
A10: ANA名称
A11: 東急名称
A12: Amazon名称
A13: 事業者 | B13: =IF(類型3!C10="","",類型3!C10)
A14: 謝礼品カテゴリー
A15: セット内容 | B15: =IF(類型3!C22="","",類型3!C22)
A16: 謝礼品紹介文 | B16: =IF(類型3!C21="","",類型3!C21)
A17: ステータス
A18: 表示設定
A19: 寄附設定金額
A20: 価格（税込み） | B20: =IF(類型3!C49="","",類型3!C49)
A21: 税区分 | B21: =IF(類型3!D50="","",類型3!D50)
A22: 税率 | B22: =IF(類型3!D51="","",類型3!D51)
A23: その他経費
A24: 送料 | B24: =IF(類型3!C84="","",類型3!C84) | C24: =IF(類型3!C85="","",類型3!C85)
A25: 送料反映
A26: 発送方法 | B26: =IF(類型3!D81="","",類型3!D81)
A27: 取り扱い方法
A28: Amazon配送
A29: 申込可能期間 | B29: =IF(類型3!D94="","",類型3!D94)
A30: 申込可能期間（開始日） | B30: =IF(類型3!C95="","",類型3!C95)
A31: 申込可能期間（終了日） | B31: =IF(類型3!C96="","",類型3!C96)
A32: 申込可能期間（自由入力欄）
A33: 申込可能期間アラート通知先
A34: 数量限定 | B34: =IF(類型3!C97="","",類型3!C97)
A35: 自由入力欄1 | B35: =IF(類型3!G86="","",類型3!G86) | D35: （発送期日）
A36: 自由入力欄2
A37: 自由入力欄3
A38: 自由入力欄4
A39: その他名称1
A40: その他名称2
A41: その他名称3
A42: その他名称4
A43: その他名称5
A44: Youtube URL
A45: 配達日時指定
A46: 配達日時指定メモ
A47: 配送指定リードタイム
... A49: 出荷依頼操作期間（終了日）
A50: 配送サイズ | B50: =IF(類型3!C82="","",類型3!C82)
A51: 配送サイズコード
A52: 自動出荷依頼予約（種別）
A53: 自動出荷依頼予約（値1）
A54: 自動出荷依頼予約（値2）
A55: 保存方法 | B55: =IF(類型3!D39="","",類型3!D39)
A56: 消費期限/賞味期限 | B56: =IF(類型3!C41="","",類型3!C41)
A57: 配送可能期間 | B57: =IF(類型3!D87="","",類型3!D87)
A58: 配送可能期間（開始日） | B58: =IF(類型3!C88="","",類型3!C88)
A59: 配送可能期間（終了日） | B59: =IF(類型3!C89="","",類型3!C89)
A60: 配送可能期間（自由入力欄）
A61: 配送不可地域 | B61: =IF(類型3!C91="","",類型3!C91)
A62: 配送業者名
A63: 包装対応
A64: のし対応
A65: のし対応メモ
A66: 注意事項 | B66: =IF(類型3!C100="","",類型3!C100)
A67: 事業者名（ポータル掲載名）
A68: 事業者URL
A69: 商品URL
A70: ホームページ記入内容・画像の転用可否
A71: 生産者の声
A72: キャッチコピー | B72: =IF(類型3!C20="","",類型3!C20)
A73: 商品管理番号（事業者）
A74: JANコード | B74: =IF(類型3!C45="","",類型3!C45)
A75: 一般販売価格(税込) | B75: =IF(類型3!C48="","",類型3!C48)
A76: 区域外発生費用(税込) | B76: =IF(類型3!G76="","",類型3!G76) -> 0
A77: 算出方法
A78: 算出方法(詳細)
A79: 総重量
A80: 産地
A81: 製造地・加工地 | B81: 富士市
A82: 製造工程
A83: Amazon 出品有無
A84: Amazon ASIN番号
A85: Amazon 商品登録名
A86: 地場産品類型 | B86: 3号
A87: 回答欄Ａ
A88: 回答欄Ｂ
A89: 回答欄Ｃ
A90: 今年の通し番号
A91: 前年の通し番号
A92: 過去の提出状況
A93: 返礼品提供
A94: アレルギー表示 | B94: =IF(類型3!D42="","",類型3!D42)
A95: 特定原材料9品目 | B95: =IF(類型3!C43="","",類型3!C43)
A96: 特定原材料に準ずるもの20品目 | B96: =IF(類型3!C44="","",類型3!C44)
A97: アレルギー表示特記事項
A98: 謝礼品登録日

Sheet 事務局-7
A1: 謝礼品番号
A2: 取扱年度
A3: 謝礼品名 | B3: =IF(類型7!C3="","",類型7!C3)
A4: 謝礼品名カナ | B4: =IF(類型7!D12="","",類型7!D12)
A5: 配送名称 | B5: =IF(類型7!D33="","",類型7!D33)
A6: 特設サイト名称
A7: ふるさとチョイス名称
A8: エフレジ名称
A9: 楽天名称
A10: ANA名称
A11: 東急名称
A12: Amazon名称
A13: 事業者 | B13: =IF(類型7!C6="","",類型7!C6)
A14: 謝礼品カテゴリー
A15: セット内容 | B15: =IF(類型7!C18="","",類型7!C18)
A16: 謝礼品紹介文 | B16: =IF(類型7!C17="","",類型7!C17)
A17: ステータス
A18: 表示設定
A19: 寄附設定金額
A20: 価格（税込み） | B20: =IF(類型7!C26="","",類型7!C26)
A21: 税区分 | B21: =IF(類型7!D27="","",類型7!D27)
A22: 税率 | B22: =IF(類型7!D28="","",類型7!D28)
A23: その他経費
A24: 送料 | B24: =IF(類型7!C38="","",類型7!C38) | C24: =IF(類型7!C39="","",類型7!C39)
A25: 送料反映
A26: 発送方法 | B26: =IF(類型7!D35="","",類型7!D35)
A27: 取り扱い方法
A28: Amazon配送
A29: 申込可能期間 | B29: =IF(類型7!D48="","",類型7!D48)
A30: 申込可能期間（開始日） | B30: =IF(類型7!C49="","",類型7!C49)
A31: 申込可能期間（終了日） | B31: =IF(類型7!C50="","",類型7!C50)
A32: 申込可能期間（自由入力欄）
A33: 申込可能期間アラート通知先
A34: 数量限定 | B34: =IF(類型7!C51="","",類型7!C51)
A35: 自由入力欄1 | B35: =IF(類型7!G40="","",類型7!G40) | D35: （発送期日）
A36: 自由入力欄2
A37: 自由入力欄3
A38: 自由入力欄4
A39: その他名称1
A40: その他名称2
A41: その他名称3
A42: その他名称4
A43: その他名称5
A44: Youtube URL
A45: 配達日時指定
A46: 配達日時指定メモ
A47: 配送指定リードタイム
... A49: 出荷依頼操作期間（終了日）
A50: 配送サイズ | B50: =IF(類型7!C36="","",類型7!C36)
A51: 配送サイズコード
A52: 自動出荷依頼予約（種別）
A53: 自動出荷依頼予約（値1）
A54: 自動出荷依頼予約（値2）
A55: 保存方法
A56: 消費期限/賞味期限 | B56: =IF(類型7!C21="","",類型7!C21) | D56: （使用期限）
A57: 配送可能期間 | B57: =IF(類型7!D41="","",類型7!D41)
A58: 配送可能期間（開始日） | B58: =IF(類型7!C42="","",類型7!C42)
A59: 配送可能期間（終了日） | B59: =IF(類型7!C43="","",類型7!C43)
A60: 配送可能期間（自由入力欄）
A61: 配送不可地域 | B61: =IF(類型7!C45="","",類型7!C45)
A62: 配送業者名
A63: 包装対応
A64: のし対応
A65: のし対応メモ
A66: 注意事項 | B66: =IF(類型7!C54="","",類型7!C54)
A67: 事業者名（ポータル掲載名）
A68: 事業者URL
A69: 商品URL
A70: ホームページ記入内容・画像の転用可否
A71: 生産者の声
A72: キャッチコピー | B72: =IF(類型7!C16="","",類型7!C16)
A73: 商品管理番号（事業者）
A74: JANコード | B74: =IF(類型7!C22="","",類型7!C22)
A75: 一般販売価格(税込) | B75: =IF(類型7!C25="","",類型7!C25)
A76: 区域外発生費用(税込)
A77: 算出方法
A78: 算出方法(詳細)
A79: 総重量
A80: 産地
A81: 製造地・加工地
A82: 製造工程
A83: Amazon 出品有無
A84: Amazon ASIN番号
A85: Amazon 商品登録名
A86: 地場産品類型 | B86: 7号
A87: 回答欄Ａ
A88: 回答欄Ｂ
A89: 回答欄Ｃ
A90: 今年の通し番号
A91: 前年の通し番号
A92: 過去の提出状況
A93: 返礼品提供
A94: アレルギー表示
A95: 特定原材料9品目
A96: 特定原材料に準ずるもの20品目
A97: アレルギー表示特記事項
A98: 謝礼品登録日

Sheet 事務局-7の2
A1: 謝礼品番号
A2: 取扱年度
A3: 謝礼品名 | B3: =IF(類型7の2!C3="","",類型7の2!C3)
A4: 謝礼品名カナ | B4: =IF(類型7の2!D12="","",類型7の2!D12)
A5: 配送名称 | B5: =IF(類型7の2!D34="","",類型7の2!D34)
A6: 特設サイト名称
A7: ふるさとチョイス名称
A8: エフレジ名称
A9: 楽天名称
A10: ANA名称
A11: 東急名称
A12: Amazon名称
A13: 事業者 | B13: =IF(類型7の2!C6="","",類型7の2!C6)
A14: 謝礼品カテゴリー
A15: セット内容 | B15: =IF(類型7の2!C18="","",類型7の2!C18)
A16: 謝礼品紹介文 | B16: =IF(類型7の2!C17="","",類型7の2!C17)
A17: ステータス
A18: 表示設定
A19: 寄附設定金額
A20: 価格（税込み） | B20: =IF(類型7の2!C26="","",類型7の2!C26)
A21: 税区分 | B21: =IF(類型7の2!D28="","",類型7の2!D28)
A22: 税率 | B22: =IF(類型7の2!D29="","",類型7の2!D29)
A23: その他経費
A24: 送料 | B24: =IF(類型7の2!C39="","",類型7の2!C39) | C24: =IF(類型7の2!C40="","",類型7の2!C40)
A25: 送料反映
A26: 発送方法 | B26: =IF(類型7の2!D36="","",類型7の2!D36)
A27: 取り扱い方法
A28: Amazon配送
A29: 申込可能期間 | B29: =IF(類型7の2!D49="","",類型7の2!D49)
A30: 申込可能期間（開始日） | B30: =IF(類型7の2!C50="","",類型7の2!C50)
A31: 申込可能期間（終了日） | B31: =IF(類型7の2!C51="","",類型7の2!C51)
A32: 申込可能期間（自由入力欄）
A33: 申込可能期間アラート通知先
A34: 数量限定 | B34: =IF(類型7の2!C52="","",類型7の2!C52)
A35: 自由入力欄1 | B35: =IF(類型7の2!G41="","",類型7の2!G41) | D35: （発送期日）
A36: 自由入力欄2
A37: 自由入力欄3
A38: 自由入力欄4
A39: その他名称1
A40: その他名称2
A41: その他名称3
A42: その他名称4
A43: その他名称5
A44: Youtube URL
A45: 配達日時指定
A46: 配達日時指定メモ
A47: 配送指定リードタイム
... A49: 出荷依頼操作期間（終了日）
A50: 配送サイズ | B50: =IF(類型7の2!C37="","",類型7の2!C37)
A51: 配送サイズコード
A52: 自動出荷依頼予約（種別）
A53: 自動出荷依頼予約（値1）
A54: 自動出荷依頼予約（値2）
A55: 保存方法
A56: 消費期限/賞味期限 | B56: =IF(類型7の2!C21="","",類型7の2!C21) | D56: （使用期限）
A57: 配送可能期間 | B57: =IF(類型7の2!D42="","",類型7の2!D42)
A58: 配送可能期間（開始日） | B58: =IF(類型7の2!C43="","",類型7の2!C43)
A59: 配送可能期間（終了日） | B59: =IF(類型7の2!C44="","",類型7の2!C44)
A60: 配送可能期間（自由入力欄）
A61: 配送不可地域 | B61: =IF(類型7の2!C46="","",類型7の2!C46)
A62: 配送業者名
A63: 包装対応
A64: のし対応
A65: のし対応メモ
A66: 注意事項 | B66: =IF(類型7の2!C55="","",類型7の2!C55)
A67: 事業者名（ポータル掲載名）
A68: 事業者URL
A69: 商品URL
A70: ホームページ記入内容・画像の転用可否
A71: 生産者の声
A72: キャッチコピー | B72: =IF(類型7の2!C16="","",類型7の2!C16)
A73: 商品管理番号（事業者）
A74: JANコード | B74: =IF(類型7の2!C22="","",類型7の2!C22)
A75: 一般販売価格(税込) | B75: =IF(類型7の2!C25="","",類型7の2!C25)
A76: 区域外発生費用(税込)
A77: 算出方法
A78: 算出方法(詳細)
A79: 総重量
A80: 産地
A81: 製造地・加工地
A82: 製造工程
A83: Amazon 出品有無
A84: Amazon ASIN番号
A85: Amazon 商品登録名
A86: 地場産品類型 | B86: 7号
A87: 回答欄Ａ
A88: 回答欄Ｂ
A89: 回答欄Ｃ
A90: 今年の通し番号
A91: 前年の通し番号
A92: 過去の提出状況
A93: 返礼品提供
A94: アレルギー表示
A95: 特定原材料9品目
A96: 特定原材料に準ずるもの20品目
A97: アレルギー表示特記事項
A98: 謝礼品登録日
